Workbook

Sheet Портфель
A1: Тикер | B1: Тип | C1: Название | D1: Валюта | E1: В портфелях | F1: Количество | G1: Цена | H1: Номинал | I1: НКД | J1: Погашение | K1: Сумма | L1: Доходность | M1: Средняя цена | N1: Доля | P1: Имя | Q1: Курс к рублю | R1: Курс к RUR
A2: SBER | B2: share | C2: Сбербанк | D2: RUR | E2: Сбер инвестиции: 63 шт. | F2: 63 | G2: 276.36 | H2: 0 | I2: 0 | K2: ==F2*G2*Портфель!$R$13 | L2: 0.1992 | M2: 300.84 | N2: 5.33 | P2: AMD | Q2: 0.238025 | R2: ==Q2/$Q$13
A3: BTBR | B3: share | C3: iВ2В-РТС | D3: RUR | E3: Альфа брокер: 138 шт. | F3: 138 | G3: 124.68 | H3: 0 | I3: 0 | K3: ==F3*G3*Портфель!$R$13 | L3: 0.0568 | M3: 119.98 | N3: 5.27 | P3: BYN | Q3: 27.87 | R3: ==Q3/$Q$13
A4: RAGR | B4: share | C4: Русагро | D4: RUR | E4: Альфа брокер: 244 шт. | F4: 244 | G4: 68.76 | H4: 0 | I4: 0 | K4: ==F4*G4*Портфель!$R$13 | L4: -0.4716 | M4: 85.38 | N4: 5.14 | P4: CAD | Q4: 60.406934 | R4: ==Q4/$Q$13
A5: MOEX | B5: share | C5: МосБиржа | D5: RUR | E5: Альфа брокер: 110 шт. | F5: 110 | G5: 148.15 | H5: 0 | I5: 0 | K5: ==F5*G5*Портфель!$R$13 | L5: -0.296 | M5: 158.39 | N5: 4.99 | P5: CHF | Q5: 102.3983 | R5: ==Q5/$Q$13
A6: X5 | B6: share | C6: КЦ ИКС 5 | D6: RUR | E6: Альфа брокер: 9 шт. | F6: 9 | G6: 1796 | H6: 0 | I6: 0 | K6: ==F6*G6*Портфель!$R$13 | L6: 30.3449 | M6: 1913.66 | N6: 4.95 | P6: CNY | Q6: 12.5788 | R6: ==Q6/$Q$13
A7: GMKN | B7: share | C7: ГМКНорНик | D7: RUR | E7: Альфа брокер: 120 шт. | F7: 120 | G7: 129.86 | H7: 0 | I7: 0 | K7: ==F7*G7*Портфель!$R$13 | L7: 0.353 | M7: 130.28 | N7: 4.77 | P7: EUR | Q7: 97.4984 | R7: ==Q7/$Q$13
A8: YDEX | B8: share | C8: ЯНДЕКС | D8: RUR | E8: Альфа брокер: 4 шт. | F8: 4 | G8: 3756.5 | H8: 0 | I8: 0 | K8: ==F8*G8*Портфель!$R$13 | L8: 0.0094 | M8: 3768.72 | N8: 4.6 | P8: GBP | Q8: 113.6988 | R8: ==Q8/$Q$13
A9: T | B9: share | C9: Т-Техно ао | D9: RUR | E9: Т-инвестиции: 38 шт. | F9: 38 | G9: 253.94 | H9: 0 | I9: 0 | K9: ==F9*G9*Портфель!$R$13 | L9: -0.1777 | M9: 272.88 | N9: 2.96 | P9: GLD | Q9: 11850 | R9: ==Q9/$Q$13
A10: SNGSP | B10: share | C10: Сургнфгз-п | D10: RUR | E10: Альфа брокер: 10 шт. | F10: 10 | G10: 41.155 | H10: 0 | I10: 0 | K10: ==F10*G10*Портфель!$R$13 | L10: 0.2828 | M10: 46.71 | N10: 0.13 | P10: HKD | Q10: 10.771 | R10: ==Q10/$Q$13
A11: IRAO | B11: share | C11: ИнтерРАОао | D11: RUR | E11: Альфа брокер: 100 шт. | F11: 100 | G11: 2.3705 | H11: 0 | I11: 0 | K11: ==F11*G11*Портфель!$R$13 | L11: -0.4036 | M11: 2.45 | N11: 0.07 | P11: JPY | Q11: 0.44 | R11: ==Q11/$Q$13
I12: Сумма по акциям: | K12: ==SUM(K2:K11) | N12: ==K12/K30 | P12: KZT | Q12: 0.192725 | R12: ==Q12/$Q$13
A13: AKMM | B13: etf | C13: AKMM ETF | D13: RUR | E13: Альфа брокер: 126 шт. | F13: 126 | G13: 177.86 | H13: 0 | I13: 0 | K13: ==F13*G13*Портфель!$R$13 | L13: 0.0019 | M13: 177.52 | N13: 6.86 | P13: RUR | Q13: 1 | R13: ==Q13/$Q$13
A14: TMOS | B14: etf | C14: TMOS ETF | D14: RUR | E14: Т-инвестиции: 3911 шт. | F14: 3911 | G14: 5.61 | H14: 0 | I14: 0 | K14: ==F14*G14*Портфель!$R$13 | L14: -0.1153 | M14: 5.78 | N14: 6.72 | P14: SLV | Q14: 175.05 | R14: ==Q14/$Q$13
A15: AKMP | B15: etf | C15: AKMP ETF | D15: RUR | E15: Альфа инвесткопилка: 2235 шт. | F15: 2235 | G15: 1.2675 | H15: 0 | I15: 0 | K15: ==F15*G15*Портфель!$R$13 | L15: 0.136 | M15: 1.25 | N15: 0.87 | P15: TRY | Q15: 1.766 | R15: ==Q15/$Q$13
A16: AKGD | B16: etf | C16: AKGD ETF | D16: RUR | E16: Альфа брокер: 1 шт. | F16: 1 | G16: 263.5 | H16: 0 | I16: 0 | K16: ==F16*G16*Портфель!$R$13 | L16: 0.0242 | M16: 257.29 | N16: 0.08 | P16: UAH | Q16: 2.11125 | R16: ==Q16/$Q$13
A17: AKPP | B17: etf | C17: AKPP ETF | D17: RUR | E17: Альфа брокер: 1 шт. | F17: 1 | G17: 144.7 | H17: 0 | I17: 0 | K17: ==F17*G17*Портфель!$R$13 | L17: 0.0185 | M17: 142.08 | N17: 0.04 | P17: USD | Q17: 84.5093 | R17: ==Q17/$Q$13
I18: Сумма по фондам: | K18: ==SUM(K13:K17) | N18: ==K18/K30
A19: RU000A10EMU3 | B19: bond | C19: sГТЛК2P-12 | D19: RUR | E19: Альфа брокер: 55 шт. | F19: 55 | G19: 98.67 | H19: 1000 | I19: 0.89 | J19: 2030-03-02 | K19: ==F19*((G19/100*H19)*Портфель!$R$13 + I19*Портфель!$R$13) | L19: 0.0383 | M19: 998.1 | N19: 16.64
A20: SU26233RMFS5 | B20: bond | C20: ОФЗ 26233 | D20: RUR | E20: ВТБ ИИС: 36 шт. | F20: 36 | G20: 55.853 | H20: 1000 | I20: 9.03 | J20: 2035-07-18 | K20: ==F20*((G20/100*H20)*Портфель!$R$13 + I20*Портфель!$R$13) | L20: 0.1793 | M20: 617.16 | N20: 6.26
A21: SU26240RMFS0 | B21: bond | C21: ОФЗ 26240 | D21: RUR | E21: ВТБ ИИС: 33 шт. | F21: 33 | G21: 57.813 | H21: 1000 | I21: 7.67 | J21: 2036-07-30 | K21: ==F21*((G21/100*H21)*Портфель!$R$13 + I21*Портфель!$R$13) | L21: -0.0314 | M21: 635.3 | N21: 5.92
A22: SU26253RMFS3 | B22: bond | C22: ОФЗ 26253 | D22: RUR | E22: ВТБ ИИС: 20 шт. | F22: 20 | G22: 85.426 | H22: 1000 | I22: 54.14 | J22: 2038-10-06 | K22: ==F22*((G22/100*H22)*Портфель!$R$13 + I22*Портфель!$R$13) | L22: -0.0379 | M22: 1000.6 | N22: 5.57
A23: SU26247RMFS5 | B23: bond | C23: ОФЗ 26247 | D23: RUR | E23: ВТБ ИИС: 18 шт. | F23: 18 | G23: 81.091 | H23: 1000 | I23: 39.27 | J23: 2039-05-11 | K23: ==F23*((G23/100*H23)*Портфель!$R$13 + I23*Портфель!$R$13) | L23: -0.0452 | M23: 939.97 | N23: 4.69
A24: SU26246RMFS7 | B24: bond | C24: ОФЗ 26246 | D24: RUR | E24: ВТБ ИИС: 13 шт. | F24: 13 | G24: 81.865 | H24: 1000 | I24: 59.18 | J24: 2036-03-12 | K24: ==F24*((G24/100*H24)*Портфель!$R$13 + I24*Портфель!$R$13) | L24: -0.0327 | M24: 898.76 | N24: 3.5
A25: SU26248RMFS3 | B25: bond | C25: ОФЗ 26248 | D25: RUR | E25: ВТБ ИИС: 9 шт. | F25: 9 | G25: 80.637 | H25: 1000 | I25: 36.92 | J25: 2040-05-16 | K25: ==F25*((G25/100*H25)*Портфель!$R$13 + I25*Портфель!$R$13) | L25: -0.1095 | M25: 940.84 | N25: 2.32
A26: SU26250RMFS9 | B26: bond | C26: ОФЗ 26250 | D26: RUR | E26: ВТБ ИИС: 9 шт. | F26: 9 | G26: 80.93 | H26: 1000 | I26: 29.26 | J26: 2037-06-10 | K26: ==F26*((G26/100*H26)*Портфель!$R$13 + I26*Портфель!$R$13) | L26: -0.0358 | M26: 922.08 | N26: 2.31
I27: Сумма по облигациям: | K27: ==SUM(K19:K26) | N27: ==K27/K30
A28: RUR | B28: Валюта | C28: Рубль | D28: RUR | F28: 11.92 | G28: 1 | H28: 0 | I28: 0 | K28: ==F28*G28
I29: Сумма по валютам: | K29: ==SUM(K28:K28) | N29: ==K29/K30
I30: Сумма: | K30: ==K12+K18+K27+K29

Sheet XIRR
A1: Дата | B1: Сумма | C1: Примечание | D1: . | E1: .. | F1: d | G1: s | H1: ds
A2: 45096 | B2: 6400 | C2: Зачисление денежных средств | F2: 0 | G2: ==B2 | H2: 0
A3: 45111 | B3: 201.18 | C3: Зачисление денежных средств | F3: ==A3-A2 | G3: ==B3+G2 | H3: ==F3*G2
A4: 45126 | B4: 1768.59 | C4: Зачисление денежных средств | F4: ==A4-A3 | G4: ==B4+G3 | H4: ==F4*G3
A5: 45139 | B5: 1000 | C5: Зачисление денежных средств | F5: ==A5-A4 | G5: ==B5+G4 | H5: ==F5*G4
A6: 45152 | B6: 1200 | C6: Зачисление денежных средств | F6: ==A6-A5 | G6: ==B6+G5 | H6: ==F6*G5
A7: 45160 | B7: 1200 | C7: Зачисление денежных средств | F7: ==A7-A6 | G7: ==B7+G6 | H7: ==F7*G6
A8: 45166 | B8: 2000 | C8: Зачисление денежных средств | F8: ==A8-A7 | G8: ==B8+G7 | H8: ==F8*G7
A9: 45167 | B9: 328.59 | C9: Зачисление денежных средств | F9: ==A9-A8 | G9: ==B9+G8 | H9: ==F9*G8
A10: 45168 | B10: -1.17 | C10: Купон по RU000A0JX0Z8 - ЯНАО-2016 1шт. по 1.17 RUR - налог 0 RUR (данные из БД) | F10: ==A10-A9 | G10: ==B10+G9 | H10: ==F10*G9
A11: 45168 | B11: 3000 | C11: Зачисление денежных средств | F11: ==A11-A10 | G11: ==B11+G10 | H11: ==F11*G10
A12: 45168 | B12: 1.17 | C12: Куп. дох. по обл. Правительство ЯНАО RU35002YML0. Размер куп. на 1 обл. 1.17 руб. НДС не обл. Налог не удерживается. (данные из сделок) | F12: ==A12-A11 | G12: ==B12+G11 | H12: ==F12*G11
A13: 45169 | B13: 10 | C13: Зачисление денежных средств | F13: ==A13-A12 | G13: ==B13+G12 | H13: ==F13*G12
A14: 45187 | B14: -3.56 | C14: Купон по RU000A0JX215 - ХМАО 10 2шт. по 2.28 RUR - налог 1 RUR (данные из БД) | F14: ==A14-A13 | G14: ==B14+G13 | H14: ==F14*G13
... A326: 46283 | B326: -326466.72 | C326: Баланс сейчас | F326: ==A326-A325 | G326: ==B326+G325 | H326: ==F326*G325
B327: ==XIRR(B2:B326,A2:A326) | C327: XIRR | G327: Сред.взвеш.сумм. | H327: ==SUM(I2:H326)/365
B328: ==-SUM(B2:B326) | C328: Полный доход, RUR | G328: Сред.год.дох. | H328: ==B328/H327

Sheet Доходность откр.
B1: SBER | E1: BTBR | H1: RAGR | K1: MOEX | N1: X5 | Q1: GMKN | T1: YDEX | W1: T | Z1: SNGSP | AC1: IRAO | AF1: AKMM | AI1: TMOS | AL1: AKMP | AO1: AKGD | AR1: AKPP | AU1: RU000A10EMU3 | AX1: SU26233RMFS5 | BA1: SU26240RMFS0 | BD1: SU26253RMFS3 | BG1: SU26247RMFS5 | BJ1: SU26246RMFS7 | BM1: SU26248RMFS3 | BP1: SU26250RMFS9
A2: 45096 | B2: 2423.74 | C2: buy | D2: 46129 | E2: 236.12 | F2: buy | G2: 45706 | H2: 211.43 | I2: buy | J2: 45358 | K2: 6238.62 | L2: buy | M2: 45705 | N2: 3461.23 | O2: buy | P2: 45705 | Q2: 1379.09 | R2: buy | S2: 45539 | T2: 3725.86 | U2: buy | V2: 45369 | W2: 6078.04 | X2: buy | Y2: 45370 | Z2: 6198.6 | AA2: buy | AB2: 45096 | AC2: 416.03 | AD2: buy | AE2: 46279 | AF2: 12601.79 | AG2: buy | AH2: 46000 | AI2: 6.29 | AJ2: buy | AK2: 45905 | AL2: 693.22 | AM2: buy | AN2: 46280 | AO2: 257.29 | AP2: buy | AQ2: 46280 | AR2: 142.08 | AS2: buy | AT2: 46104 | AU2: ==41000 | AV2: buy | AW2: 45847 | AX2: ==81989.69 | AY2: buy | AZ2: 46140 | BA2: ==10168.19 | BB2: buy | BC2: 46129 | BD2: ==20011.95 | BE2: buy | BF2: 46129 | BG2: ==6607.68 | BH2: buy | BI2: 46036 | BJ2: ==907.82 | BK2: buy | BL2: 45861 | BM2: ==2736.81 | BN2: buy | BO2: 46129 | BP2: ==7375.02 | BQ2: buy
A3: 45210 | B3: -2611.51 | C3: sell | D3: 46129 | E3: 1444.67 | F3: buy | G3: 45706 | H3: 422.25 | I3: buy | J3: 45366 | K3: -6294.06 | L3: sell | M3: 45706 | N3: 3428.71 | O3: buy | P3: 45706 | Q3: 1360.68 | R3: buy | S3: 45548 | T3: -3906.38 | U3: sell | V3: 45369 | W3: -3046.56 | X3: sell | Y3: 45383 | Z3: 13377.69 | AA3: buy | AB3: 45210 | AC3: -435.73 | AD3: sell | AE3: 46280 | AF3: 9587.7 | AG3: buy | AH3: 46000 | AI3: -6.32 | AJ3: sell | AK3: 45905 | AL3: 6.61 | AM3: buy | AN3: 46645 | AO3: ==-Портфель!K16 | AP3: Стоимость сейчас | AQ3: 46645 | AR3: ==-Портфель!K17 | AS3: Стоимость сейчас | AT3: 46134 | AU3: ==-476.76 | AV3: Купон по RU000A10EMU3 - sГТЛК2P-12 41шт. по 13.36 RUR - налог 71 RUR (данные из БД) | AW3: 45847 | AX3: ==5347.15 | AY3: buy | AZ3: 46140 | BA3: ==635.5 | BB3: buy | BC3: 46134 | BD3: ==-1127.4 | BE3: Купон по SU26253RMFS3 - ОФЗ 26253 20шт. по 64.82 RUR - налог 169 RUR (данные из БД) | BF3: 46130 | BG3: ==8510.7 | BH3: buy | BI3: 46050 | BJ3: ==-913.05 | BK3: sell | BL3: 45866 | BM3: ==-2758.14 | BN3: sell | BO3: 46130 | BP3: ==923.7 | BQ3: buy
A4: 45267 | B4: 2706.16 | C4: buy | D4: 46251 | E4: 119.44 | F4: buy | G4: 45708 | H4: -667.05 | I4: sell | J4: 46000 | K4: 1740.81 | L4: buy | M4: 45715 | N4: 12908.45 | O4: buy | P4: 45707 | Q4: 2692.55 | R4: buy | S4: 46000 | T4: 4310.9 | U4: buy | V4: 45369 | W4: -3047.48 | X4: sell | Y4: 45415 | Z4: -20203.82 | AA4: sell | AB4: 45232 | AC4: 425.13 | AD4: buy | AE4: 46280 | AF4: 177.55 | AG4: buy | AH4: 46178 | AI4: 6.12 | AJ4: buy | AK4: 45908 | AL4: 98.15 | AM4: buy | AO4: ==XIRR(AO2:AO3,AN2:AN3) | AR4: ==XIRR(AR2:AR3,AQ2:AQ3) | AT4: 46164 | AU4: ==-476.76 | AV4: Купон по RU000A10EMU3 - sГТЛК2P-12 41шт. по 13.36 RUR - налог 71 RUR (данные из БД) | AW4: 45868 | AX4: ==-3890.74 | AY4: Купон по SU26233RMFS5 - ОФЗ 26233 147шт. по 30.42 RUR - налог 581 RUR (данные из БД) | AZ4: 46140 | BA4: ==9532.68 | BB4: buy | BC4: 46494 | BD4: ==-Портфель!K22 | BE4: Стоимость сейчас | BF4: 46130 | BG4: ==945.63 | BH4: buy | BI4: 46140 | BJ4: ==10785.41 | BK4: buy | BL4: 46129 | BM4: ==7529.15 | BN4: buy | BO4: 46197 | BP4: ==-468.56 | BQ4: Купон по SU26250RMFS9 - ОФЗ 26250 9шт. по 59.84 RUR - налог 70 RUR (данные из БД)
A5: 45267 | B5: 2645.52 | C5: buy | D5: 46253 | E5: 4559.19 | F5: buy | G5: 45772 | H5: 403.28 | I5: buy | J5: 46016 | K5: -1757.02 | L5: sell | M5: 45715 | N5: 3227.11 | O5: buy | P5: 45708 | Q5: -5530.83 | R5: sell | S5: 46009 | T5: 4399.02 | U5: buy | V5: 45370 | W5: 3157.08 | X5: buy | Y5: 46009 | Z5: 2869.84 | AA5: buy | AB5: 45266 | AC5: 789.03 | AD5: buy | AE5: 46644 | AF5: ==-Портфель!K13 | AG5: Стоимость сейчас | AH5: 46186 | AI5: 48.24 | AJ5: buy | AK5: 45908 | AL5: 1.1 | AM5: buy | AO5: ==-SUM(AO2:AO3) | AP5: Полный доход | AR5: ==-SUM(AR2:AR3) | AS5: Полный доход | AT5: 46194 | AU5: ==-476.76 | AV5: Купон по RU000A10EMU3 - sГТЛК2P-12 41шт. по 13.36 RUR - налог 71 RUR (данные из БД) | AW5: 45868 | AX5: ==4204.77 | AY5: buy | AZ5: 46232 | BA5: ==628.45 | BB5: buy | BD5: ==XIRR(BD2:BD4,BC2:BC4) | BF5: 46169 | BG5: ==-903.36 | BH5: Купон по SU26247RMFS5 - ОФЗ 26247 17шт. по 61.08 RUR - налог 135 RUR (данные из БД) | BI5: 46246 | BJ5: ==898.5 | BK5: buy | BL5: 46169 | BM5: ==938.45 | BN5: buy | BO5: 46494 | BP5: ==-Портфель!K26 | BQ5: Стоимость сейчас
A6: 45271 | B6: 5120.29 | C6: buy | D6: 46253 | E6: 2399.58 | F6: buy | G6: 45804 | H6: 1520.83 | I6: buy | J6: 46080 | K6: 3687.43 | L6: buy | M6: 45715 | N6: 22530.26 | O6: buy | P6: 45717 | Q6: 1395.2 | R6: buy | S6: 46016 | T6: -4483.26 | U6: sell | V6: 45370 | W6: 6336.17 | X6: buy | Y6: 46010 | Z6: -409.38 | AA6: sell | AB6: 45267 | AC6: 389.16 | AD6: buy | AF6: ==XIRR(AF2:AF5,AE2:AE5) | AH6: 46189 | AI6: 11.94 | AJ6: buy | AK6: 45918 | AL6: -802.07 | AM6: sell | AT6: 46224 | AU6: ==-476.76 | AV6: Купон по RU000A10EMU3 - sГТЛК2P-12 41шт. по 13.36 RUR - налог 71 RUR (данные из БД) | AW6: 46009 | AX6: ==-37528.74 | AY6: sell | AZ6: 46246 | BA6: ==-1001.7 | BB6: Купон по SU26240RMFS0 - ОФЗ 26240 33шт. по 34.9 RUR - налог 150 RUR (данные из БД) | BD6: ==-SUM(BD2:BD4) | BE6: Полный доход | BF6: 46265 | BG6: ==855.41 | BH6: buy | BI6: 46401 | BJ6: ==-Портфель!K24 | BK6: Стоимость сейчас | BL6: 46176 | BM6: ==-478.72 | BN6: Купон по SU26248RMFS3 - ОФЗ 26248 9шт. по 61.08 RUR - налог 71 RUR (данные из БД) | BP6: ==XIRR(BP2:BP5,BO2:BO5)
A7: 45351 | B7: 2929.43 | C7: buy | D7: 46253 | E7: 1199.79 | F7: buy | G7: 45844 | H7: -211.78 | I7: sell | J7: 46212 | K7: -340.4 | L7: Дивиденд по MOEX - МосБиржа 20шт. по 19.57 RUR - налог 51 RUR (данные из БД) | M7: 45719 | N7: 45144.56 | O7: buy | P7: 45718 | Q7: 1394.9 | R7: buy | S7: 46114 | T7: 4237.39 | U7: buy | V7: 45370 | W7: -9499.25 | X7: sell | Y7: 46083 | Z7: 1868.27 | AA7: buy | AB7: 45278 | AC7: 797.64 | AD7: buy | AF7: ==-SUM(AF2:AF5) | AG7: Полный доход | AH7: 46209 | AI7: 43.2 | AJ7: buy | AK7: 46006 | AL7: 98.75 | AM7: buy | AT7: 46227 | AU7: ==988.45 | AV7: buy | AW7: 46009 | AX7: ==-15636.97 | AY7: sell | AZ7: 46505 | BA7: ==-Портфель!K21 | BB7: Стоимость сейчас | BF7: 46494 | BG7: ==-Портфель!K23 | BH7: Стоимость сейчас | BJ7: ==XIRR(BJ2:BJ6,BI2:BI6) | BL7: 46283 | BM7: ==-Портфель!K25 | BN7: Стоимость сейчас | BP7: ==-SUM(BP2:BP5) | BQ7: Полный доход
A8: 45352 | B8: 8807.54 | C8: buy | D8: 46253 | E8: 119.98 | F8: buy | G8: 45844 | H8: -529.48 | I8: sell | J8: 46253 | K8: 1532.85 | L8: buy | M8: 45720 | N8: -94816.57 | O8: sell | P8: 45719 | Q8: 5365.88 | R8: buy | S8: 46125 | T8: -4076.24 | U8: sell | V8: 45370 | W8: 12860.29 | X8: buy | Y8: 46104 | Z8: -1404.97 | AA8: sell | AB8: 45281 | AC8: 2796.29 | AD8: buy | AH8: 46209 | AI8: 5.23 | AJ8: buy | AK8: 46006 | AL8: 1.15 | AM8: buy | AT8: 46253 | AU8: ==11917.04 | AV8: buy | AW8: 46009 | AX8: ==-21891.76 | AY8: sell | BA8: ==XIRR(BA2:BA7,AZ2:AZ7) | BG8: ==XIRR(BG2:BG7,BF2:BF7) | BJ8: ==-SUM(BJ2:BJ6) | BK8: Полный доход | BM8: ==XIRR(BM2:BM7,BL2:BL7)
A9: 45356 | B9: 2984.39 | C9: buy | D9: 46253 | E9: 119.98 | F9: buy | G9: 45844 | H9: -529.48 | I9: sell | J9: 46280 | K9: 4576.34 | L9: buy | M9: 45884 | N9: 15105.05 | O9: buy | P9: 45719 | Q9: 8051.22 | R9: buy | S9: 46129 | T9: -4284.07 | U9: sell | V9: 45371 | W9: -12490 | X9: sell | Y9: 46129 | Z9: -2565.52 | AA9: sell | AB9: 45366 | AC9: -5316.64 | AD9: sell | AH9: 46212 | AI9: 139.1 | AJ9: buy | AK9: 46007 | AL9: 197.61 | AM9: buy | AT9: 46254 | AU9: ==-488.12 | AV9: Купон по RU000A10EMU3 - sГТЛК2P-12 42шт. по 13.36 RUR - налог 73 RUR (данные из БД) | AW9: 46009 | AX9: ==-10633.14 | AY9: sell | BA9: ==-SUM(BA2:BA7) | BB9: Полный доход | BG9: ==-SUM(BG2:BG7) | BH9: Полный доход | BM9: ==-SUM(BM2:BM7) | BN9: Полный доход
A10: 45366 | B10: -26639.37 | C10: sell | D10: 46253 | E10: 599.89 | F10: buy | G10: 45844 | H10: -211.85 | I10: sell | J10: 46280 | K10: 7626.24 | L10: buy | M10: 45909 | N10: -14817.58 | O10: sell | P10: 45720 | Q10: -16712.2 | R10: sell | S10: 46232 | T10: 3990.45 | U10: buy | V10: 45371 | W10: 3138.57 | X10: buy | Y10: 46219 | Z10: -7.5 | AA10: Дивиденд по SNGSP - Сургнфгз-п 10шт. по 0.85 RUR - налог 1 RUR (данные из БД) | AB10: 45371 | AC10: 406.92 | AD10: buy | AH10: 46212 | AI10: 5.35 | AJ10: buy | AK10: 46007 | AL10: 2.3 | AM10: buy | AT10: 46254 | AU10: ==989.93 | AV10: buy | AW10: 46009 | AX10: ==-6254.79 | AY10: sell
A11: 45926 | B11: 606.9 | C11: buy | D11: 46253 | E11: 1199.79 | F11: buy | G11: 45844 | H11: -317.78 | I11: sell | J11: 46283 | K11: ==-Портфель!K5 | L11: Стоимость сейчас | M11: 46009 | N11: 2997.4 | O11: buy | P11: 46009 | Q11: 4286.83 | R11: buy | S11: 46251 | T11: 3627.78 | U11: buy | V11: 45371 | W11: -3152.42 | X11: sell | Y11: 46283 | Z11: ==-Портфель!K10 | AA11: Стоимость сейчас | AB11: 45371 | AC11: 406.27 | AD11: buy | AH11: 46222 | AI11: 28.68 | AJ11: buy | AK11: 46008 | AL11: 9.19 | AM11: buy | AT11: 46469 | AU11: ==-Портфель!K19 | AV11: Стоимость сейчас | AW11: 46009 | AX11: ==-4378.35 | AY11: sell
A12: 45988 | B12: 5112.06 | C12: buy | D12: 46253 | E12: 479.92 | F12: buy | G12: 45884 | H12: 1741.31 | I12: buy | K12: ==XIRR(K2:K11,J2:J11) | M12: 46028 | N12: -320 | O12: Дивиденд по X5 - КЦ ИКС 5 1шт. по 368 RUR - налог 48 RUR (данные из БД) | P12: 46140 | Q12: -4048.7 | R12: sell | S12: 46253 | T12: 7456.65 | U12: buy | V12: 45706 | W12: 3481.4 | X12: buy | Z12: ==XIRR(Z2:Z11,Y2:Y11) | AB12: 45380 | AC12: -811.99 | AD12: sell | AH12: 46222 | AI12: 4.78 | AJ12: buy | AK12: 46008 | AL12: 1.15 | AM12: buy | AU12: ==XIRR(AU2:AU11,AT2:AT11) | AW12: 46134 | AX12: ==1243.37 | AY12: buy
A13: 45989 | B13: -5702.41 | C13: sell | D13: 46253 | E13: 359.94 | F13: buy | G13: 45885 | H13: 130.75 | I13: buy | K13: ==-SUM(K2:K11) | L13: Полный доход | M13: 46038 | N13: -2554.45 | O13: sell | P13: 46279 | Q13: 15634.06 | R13: buy | S13: 46283 | T13: ==-Портфель!K8 | U13: Стоимость сейчас | V13: 45706 | W13: 3372.2 | X13: buy | Z13: ==-SUM(Z2:Z11) | AA13: Полный доход | AB13: 46034 | AC13: 319.68 | AD13: buy | AH13: 46239 | AI13: 22.72 | AJ13: buy | AK13: 46009 | AL13: 5.75 | AM13: buy | AU13: ==-SUM(AU2:AU11) | AV13: Полный доход | AW13: 46135 | AX13: ==4359.08 | AY13: buy
A14: 45995 | B14: 302.35 | C14: buy | D14: 46253 | E14: 239.96 | F14: buy | G14: 45896 | H14: -1912.84 | I14: sell | M14: 46125 | N14: 2410.93 | O14: buy | P14: 46283 | Q14: ==-Портфель!K7 | R14: Стоимость сейчас | T14: ==XIRR(T2:T13,S2:S13) | V14: 45708 | W14: -6939.6 | X14: sell | AB14: 46050 | AC14: -360.76 | AD14: sell | AH14: 46239 | AI14: 5.69 | AJ14: buy | AK14: 46010 | AL14: 9.21 | AM14: buy | AW14: 46135 | AX14: ==2482.02 | AY14: buy
A15: 46000 | B15: -305.26 | C15: sell | D15: 46253 | E15: 119.98 | F15: buy | G15: 46014 | H15: 111.95 | I15: buy | M15: 46129 | N15: 2417.44 | O15: buy | Q15: ==XIRR(Q2:Q14,P2:P14) | T15: ==-SUM(T2:T13) | U15: Полный доход | V15: 46000 | W15: 3211.2 | X15: buy | AB15: 46077 | AC15: 332.65 | AD15: buy | AH15: 46247 | AI15: -330.18 | AJ15: sell | AK15: 46013 | AL15: 4.61 | AM15: buy | AW15: 46140 | AX15: ==1847.25 | AY15: buy
A16: 46009 | B16: 17832.25 | C16: buy | D16: 46253 | E16: 3359.41 | F16: buy | G16: 46015 | H16: 111.71 | I16: buy | M16: 46129 | N16: -4821.14 | O16: sell | Q16: ==-SUM(Q2:Q14) | R16: Полный доход | V16: 46007 | W16: -3275 | X16: sell | AB16: 46077 | AC16: 16644.85 | AD16: buy | AH16: 46247 | AI16: 5.64 | AJ16: buy | AK16: 46014 | AL16: 99.07 | AM16: buy | AW16: 46140 | AX16: ==3078.76 | AY16: buy
A17: 46010 | B17: -2114.4 | C17: sell | D17: 46494 | E17: ==-Портфель!K3 | F17: Стоимость сейчас | G17: 46016 | H17: 223.35 | I17: buy | M17: 46174 | N17: 2458.7 | O17: buy | V17: 46009 | W17: 3257.61 | X17: buy | AB17: 46080 | AC17: -16275.84 | AD17: sell | AH17: 46251 | AI17: 68.9 | AJ17: buy | AK17: 46014 | AL17: 1.15 | AM17: buy | AW17: 46140 | AX17: ==4310.26 | AY17: buy
A18: 46014 | B18: 298.13 | C18: buy | E18: ==XIRR(E2:E17,D2:D17) | G18: 46050 | H18: -492.68 | I18: sell | M18: 46210 | N18: -213 | O18: Дивиденд по X5 - КЦ ИКС 5 1шт. по 245 RUR - налог 32 RUR (данные из БД) | V18: 46030 | W18: -31 | X18: Дивиденд по T - Т-Техно ао 1шт. по 36 RUR - налог 5 RUR (данные из БД) | AB18: 46080 | AC18: 982.6 | AD18: buy | AH18: 46259 | AI18: 15.81 | AJ18: buy | AK18: 46020 | AL18: 198.59 | AM18: buy | AW18: 46140 | AX18: ==3078.76 | AY18: buy
A19: 46017 | B19: 905.23 | C19: buy | E19: ==-SUM(E2:E17) | F19: Полный доход | G19: 46078 | H19: 603.55 | I19: buy | M19: 46253 | N19: 1974.97 | O19: buy | V19: 46129 | W19: 978.3 | X19: buy | AB19: 46080 | AC19: 2620.27 | AD19: buy | AH19: 46259 | AI19: 5.27 | AJ19: buy | AK19: 46020 | AL19: 1.15 | AM19: buy | AW19: 46140 | AX19: ==616.03 | AY19: buy
A20: 46057 | B20: 305.17 | C20: buy | G20: 46080 | H20: 3396.13 | I20: buy | M20: 46273 | N20: 5417.65 | O20: buy | V20: 46129 | W20: 326.4 | X20: buy | AB20: 46118 | AC20: 1589.78 | AD20: buy | AH20: 46279 | AI20: 22501.54 | AJ20: buy | AK20: 46020 | AL20: 1.15 | AM20: buy | AW20: 46176 | AX20: ==619.26 | AY20: buy
A21: 46076 | B21: 314.22 | C21: buy | G21: 46090 | H21: 120.29 | I21: buy | M21: 46280 | N21: 7371.61 | O21: buy | V21: 46129 | W21: 326.58 | X21: buy | AB21: 46118 | AC21: 317.96 | AD21: buy | AH21: 46365 | AI21: ==-Портфель!K14 | AJ21: Стоимость сейчас | AK21: 46027 | AL21: 5.79 | AM21: buy | AW21: 46205 | AX21: ==583.13 | AY21: buy
A22: 46076 | B22: 1256.84 | C22: buy | G22: 46093 | H22: 115.76 | I22: buy | M22: 46283 | N22: ==-Портфель!K6 | O22: Стоимость сейчас | V22: 46129 | W22: -3574.33 | X22: sell | AB22: 46182 | AC22: -503.57 | AD22: Дивиденд по IRAO - ИнтерРАОао 1800шт. по 0.32 RUR - налог 75 RUR (данные из БД) | AI22: ==XIRR(AI2:AI21,AH2:AH21) | AK22: 46028 | AL22: 5.79 | AM22: buy | AW22: 46232 | AX22: ==-953.12 | AY22: Купон по SU26233RMFS5 - ОФЗ 26233 36шт. по 30.42 RUR - налог 142 RUR (данные из БД)
A23: 46081 | B23: 628.72 | C23: buy | G23: 46104 | H23: 113.65 | I23: buy | N23: ==XIRR(N2:N22,M2:M22) | V23: 46147 | W23: 618.2 | X23: buy | AB23: 46208 | AC23: 996.89 | AD23: buy | AI23: ==-SUM(AI2:AI21) | AJ23: Полный доход | AK23: 46028 | AL23: 6.95 | AM23: buy | AW23: 46283 | AX23: ==-Портфель!K20 | AY23: Стоимость сейчас
A24: 46081 | B24: 2514.87 | C24: buy | G24: 46132 | H24: 112.74 | I24: buy | N24: ==-SUM(N2:N22) | O24: Полный доход | V24: 46147 | W24: 309.38 | X24: buy | AB24: 46251 | AC24: -5116.89 | AD24: sell | AK24: 46030 | AL24: 19.7 | AM24: buy | AX24: ==XIRR(AX2:AX23,AW2:AW23)
A25: 46082 | B25: 2207.23 | C25: buy | G25: 46143 | H25: 101.35 | I25: buy | V25: 46167 | W25: -27.5 | X25: Дивиденд по T - Т-Техно ао 7шт. по 4.5 RUR - налог 4 RUR (данные из БД) | AB25: 46280 | AC25: 244.87 | AD25: buy | AK25: 46030 | AL25: 1.16 | AM25: buy | AX25: ==-SUM(AX2:AX23) | AY25: Полный доход
A26: 46086 | B26: -314.75 | C26: sell | G26: 46153 | H26: 321.94 | I26: buy | V26: 46178 | W26: 899.28 | X26: buy | AB26: 46283 | AC26: ==-Портфель!K11 | AD26: Стоимость сейчас | AK26: 46031 | AL26: 6.96 | AM26: buy
A27: 46094 | B27: 635.57 | C27: buy | G27: 46160 | H27: 758.61 | I27: buy | V27: 46209 | W27: 3805.8 | X27: buy | AC27: ==XIRR(AC2:AC26,AB2:AB26) | AK27: 46034 | AL27: 23.22 | AM27: buy
A28: 46114 | B28: -315.95 | C28: sell | G28: 46168 | H28: 197.38 | I28: buy | V28: 46209 | W28: 253.58 | X28: buy | AC28: ==-SUM(AC2:AC26) | AD28: Полный доход | AK28: 46035 | AL28: 306.53 | AM28: buy
A29: 46121 | B29: 640.4 | C29: buy | G29: 46168 | H29: 197.62 | I29: buy | V29: 46212 | W29: 254.98 | X29: buy | AK29: 46035 | AL29: 2.32 | AM29: buy
A30: 46122 | B30: 318.81 | C30: buy | G30: 46181 | H30: 102.17 | I30: buy | V30: 46219 | W30: 240.92 | X30: buy | AK30: 46036 | AL30: 109.21 | AM30: buy
A31: 46125 | B31: -316.86 | C31: sell | G31: 46197 | H31: 84.24 | I31: buy | V31: 46239 | W31: 548.72 | X31: buy | AK31: 46036 | AL31: 1.16 | AM31: buy
A32: 46129 | B32: 323.6 | C32: buy | G32: 46197 | H32: 168.48 | I32: buy | V32: 46239 | W32: 274.38 | X32: buy | AK32: 46037 | AL32: 4.65 | AM32: buy
A33: 46129 | B33: -323.62 | C33: sell | G33: 46198 | H33: 78.58 | I33: buy | V33: 46244 | W33: -123.6 | X33: Дивиденд по T - Т-Техно ао 31шт. по 4.6 RUR - налог 19 RUR (данные из БД) | AK33: 46038 | AL33: 6.98 | AM33: buy
A34: 46129 | B34: -323.62 | C34: sell | G34: 46209 | H34: 155.48 | I34: buy | V34: 46247 | W34: 552.68 | X34: buy | AK34: 46041 | AL34: 423.81 | AM34: buy
A35: 46129 | B35: -3236.21 | C35: sell | G35: 46213 | H35: 150.31 | I35: buy | V35: 46251 | W35: 252.86 | X35: buy | AK35: 46041 | AL35: 3.49 | AM35: buy
A36: 46129 | B36: -2265.42 | C36: sell | G36: 46213 | H36: 751.57 | I36: buy | V36: 46269 | W36: 790.68 | X36: buy | AK36: 46043 | AL36: 4.66 | AM36: buy
A37: 46129 | B37: -323.62 | C37: sell | G37: 46213 | H37: 150.31 | I37: buy | V37: 46269 | W37: 263.46 | X37: buy | AK37: 46043 | AL37: 4.66 | AM37: buy
A38: 46129 | B38: -2912.59 | C38: sell | G38: 46219 | H38: 62.71 | I38: buy | V38: 46283 | W38: ==-Портфель!K9 | X38: Стоимость сейчас | AK38: 46044 | AL38: 6.99 | AM38: buy
A39: 46129 | B39: -7766.9 | C39: sell | G39: 46223 | H39: 117.7 | I39: buy | W39: ==XIRR(W2:W38,V2:V38) | AK39: 46045 | AL39: 10.5 | AM39: buy
A40: 46129 | B40: -323.62 | C40: sell | G40: 46223 | H40: 117.02 | I40: buy | W40: ==-SUM(W2:W38) | X40: Полный доход | AK40: 46048 | AL40: 21.02 | AM40: buy
A41: 46146 | B41: 320.37 | C41: buy | G41: 46225 | H41: 1499.71 | I41: buy | AK41: 46049 | AL41: 7.01 | AM41: buy
A42: 46150 | B42: 321.76 | C42: buy | G42: 46227 | H42: 299.67 | I42: buy | AK42: 46051 | AL42: 22.2 | AM42: buy
A43: 46150 | B43: 321.5 | C43: buy | G43: 46227 | H43: 150.47 | I43: buy | AK43: 46051 | AL43: 1.17 | AM43: buy
A44: 46154 | B44: 652.26 | C44: buy | G44: 46240 | H44: -1505.4 | I44: Дивиденд по RAGR - Русагро 105шт. по 16.48 RUR - налог 225 RUR (данные из БД) | AK44: 46052 | AL44: 7.02 | AM44: buy
A45: 46174 | B45: 645.29 | C45: buy | G45: 46244 | H45: 91.91 | I45: buy | AK45: 46055 | AL45: 19.9 | AM45: buy
A46: 46223 | B46: -1146.4 | C46: Дивиденд по SBER - Сбербанк 35шт. по 37.64 RUR - налог 171 RUR (данные из БД) | G46: 46244 | H46: 91.5 | I46: buy | AK46: 46056 | AL46: 395.76 | AM46: buy
A47: 46223 | B47: 1026.25 | C47: buy | G47: 46251 | H47: 232.43 | I47: buy | AK47: 46056 | AL47: 3.51 | AM47: buy
A48: 46227 | B48: 267.83 | C48: buy | G48: 46251 | H48: 929.98 | I48: buy | AK48: 46056 | AL48: 5.86 | AM48: buy
A49: 46238 | B49: 1137.6 | C49: buy | G49: 46253 | H49: 6682.99 | I49: buy | AK49: 46057 | AL49: 18.74 | AM49: buy
A50: 46245 | B50: 286.99 | C50: buy | G50: 46254 | H50: 312.31 | I50: buy | AK50: 46059 | AL50: 7.04 | AM50: buy
A51: 46279 | B51: 4581.72 | C51: buy | G51: 46259 | H51: 460.31 | I51: buy | AK51: 46062 | AL51: 228.87 | AM51: buy
A52: 46279 | B52: 576.27 | C52: buy | G52: 46269 | H52: 840.17 | I52: buy | AK52: 46062 | AL52: 2.35 | AM52: buy
A53: 46283 | B53: ==-Портфель!K2 | C53: Стоимость сейчас | G53: 46269 | H53: 912.79 | I53: buy | AK53: 46064 | AL53: 1.17 | AM53: buy
B54: ==XIRR(B2:B53,A2:A53) | G54: 46269 | H54: 141.15 | I54: buy | AK54: 46065 | AL54: 1.17 | AM54: buy
B55: ==-SUM(B2:B53) | C55: Полный доход | G55: 46273 | H55: 210.46 | I55: buy | AK55: 46066 | AL55: 8.23 | AM55: buy
G56: 46283 | H56: ==-Портфель!K4 | I56: Стоимость сейчас | AK56: 46069 | AL56: 3.53 | AM56: buy
H57: ==XIRR(H2:H56,G2:G56) | AK57: 46069 | AL57: 296.43 | AM57: buy
H58: ==-SUM(H2:H56) | I58: Полный доход | AK58: 46069 | AL58: 3.53 | AM58: buy
AK59: 46071 | AL59: 4.71 | AM59: buy
AK60: 46072 | AL60: 101.31 | AM60: buy
AK61: 46072 | AL61: 1.18 | AM61: buy
AK62: 46073 | AL62: 2.36 | AM62: buy
AK63: 46076 | AL63: 22.42 | AM63: buy
AK64: 46076 | AL64: 9.44 | AM64: buy
AK65: 46077 | AL65: 3.54 | AM65: buy
AK66: 46077 | AL66: 16.51 | AM66: buy
AK67: 46078 | AL67: 14.16 | AM67: buy
AK68: 46079 | AL68: 9.45 | AM68: buy
AK69: 46083 | AL69: 30.75 | AM69: buy
AK70: 46083 | AL70: 205.74 | AM70: buy
... AK174: 46279 | AL174: 1.27 | AM174: buy
AK175: 46283 | AL175: ==-Портфель!K15 | AM175: Стоимость сейчас
AL176: ==XIRR(AL2:AL175,AK2:AK175)
AL177: ==-SUM(AL2:AL175) | AM177: Полный доход

Sheet Доходность закр.
B1: GAZP | E1: MAGN | H1: RU000A0JX215 | K1: RU000A0JX0Z8 | N1: RUAL | Q1: SELG | T1: ALRS | W1: UNAC | Z1: LKOH | AC1: ROSN | AF1: NVTK | AI1: SU26227RMFS7 | AL1: CHMF | AO1: AFKS | AR1: PRFN | AU1: VTBR | AX1: SGZH | BA1: MTLR | BD1: AFLT | BG1: LQDT | BJ1: UWGN | BM1: RU000A101QF7 | BP1: TRMK | BS1: RTKMP | BV1: ASTR | BY1: VKCO | CB1: HYDR | CE1: SNGS | CH1: MRKP | CK1: MTLRP | CN1: SBERP | CQ1: RNFT | CT1: SU26238RMFS4 | CW1: ROSB | CZ1: GOLD | DC1: SOFL | DF1: TRNFP | DI1: MTSS | DL1: TATNP | DO1: MDMG | DR1: ABIO | DU1: ROLO | DX1: FLOT | EA1: SPBE | ED1: WUSH | EG1: OGKB | EJ1: ABRD | EM1: UPRO | EP1: TMON | ES1: RU000A10A3Z4 | EV1: RU000A10ATW2 | EY1: RU000A10ASC6 | FB1: RU000A10BGU1 | FE1: RU000A10B933 | FH1: RU000A10AV15 | FK1: RU000A104JQ3 | FN1: RU000A10B9Q9 | FQ1: RU000A10C5L7 | FT1: TLCB | FW1: RU000A10B2J9 | FZ1: TPAY | GC1: RU000A10C6U6 | GF1: RU000A1099W6 | GI1: FLOW | GL1: RU000A10C8H9 | GO1: AKMB | GR1: STME | GU1: OZPH | GX1: RU000A1069P3 | HA1: GLRX | HD1: TATN | HG1: PLZL | HJ1: RTKM | HM1: EQMX | HP1: OZON | HS1: DOMRF | HV1: RU000A1066A1 | HY1: RU000A10CLX3 | IB1: RU000A10DB16 | IE1: SU26252RMFS5 | IH1: ETLN | IK1: TOFZ | IN1: NLMK | IQ1: ELMT | IT1: PRMD | IW1: RENI | IZ1: SBMM | JC1: SFIN
A2: 45096 | B2: 1708.86 | C2: buy | D2: 45096 | E2: 1842.07 | F2: buy | G2: 45128 | H2: 202.88 | I2: buy | J2: 45128 | K2: 51.19 | L2: buy | M2: 45139 | N2: 879.54 | O2: buy | P2: 45152 | Q2: 795.14 | R2: buy | S2: 45160 | T2: 851.09 | U2: buy | V2: 45166 | W2: 1710.86 | X2: buy | Y2: 45167 | Z2: 6746.89 | AA2: buy | AB2: 45168 | AC2: 2778.72 | AD2: buy | AE2: 45211 | AF2: 18662.12 | AG2: buy | AH2: 45215 | AI2: 18748.08 | AJ2: buy | AK2: 45266 | AL2: 3774.02 | AM2: buy | AN2: 45267 | AO2: 1564.48 | AP2: buy | AQ2: 45267 | AR2: 1066.85 | AS2: buy | AT2: 45267 | AU2: 1111.14 | AV2: buy | AW2: 45267 | AX2: 389.01 | AY2: buy | AZ2: 45267 | BA2: 1382.89 | BB2: buy | BC2: 45273 | BD2: 708.96 | BE2: buy | BF2: 45273 | BG2: 1310.8 | BH2: buy | BI2: 45274 | BJ2: 164.13 | BK2: buy | BL2: 45275 | BM2: 711.59 | BN2: buy | BO2: 45285 | BP2: 4071.25 | BQ2: buy | BR2: 45285 | BS2: 1914.03 | BT2: buy | BU2: 45324 | BV2: 549.48 | BW2: buy | BX2: 45324 | BY2: 3409.72 | BZ2: buy | CA2: 45362 | CB2: 7770.88 | CC2: buy | CD2: 45366 | CE2: 5855.69 | CF2: buy | CG2: 45366 | CH2: 3264.61 | CI2: buy | CJ2: 45366 | CK2: 6764.41 | CL2: buy | CM2: 45366 | CN2: 5983.78 | CO2: buy | CP2: 45370 | CQ2: 3747 | CR2: buy | CS2: 45371 | CT2: 2496.1 | CU2: buy | CV2: 45372 | CW2: 9499.6 | CX2: buy | CY2: 45373 | CZ2: 162.98 | DA2: buy | DB2: 45383 | DC2: 1651.32 | DD2: buy | DE2: 45384 | DF2: 1643.31 | DG2: buy | DH2: 45407 | DI2: 30829.64 | DJ2: buy | DK2: 45447 | DL2: 16938.54 | DM2: buy | DN2: 45460 | DO2: 2145.71 | DP2: buy | DQ2: 45460 | DR2: 2881.71 | DS2: buy | DT2: 45540 | DU2: 3345.68 | DV2: buy | DW2: 45705 | DX2: 1050.53 | DY2: buy | DZ2: 45706 | EA2: 277.04 | EB2: buy | EC2: 45707 | ED2: 194.93 | EE2: buy | EF2: 45707 | EG2: 394.4 | EH2: buy | EI2: 45720 | EJ2: 11521.76 | EK2: buy | EL2: 45722 | EM2: -2218.89 | EN2: sell | EO2: 45727 | EP2: 779.64 | EQ2: buy | ER2: 45861 | ES2: 2339.22 | ET2: buy | EU2: 45861 | EV2: 2208.36 | EW2: buy | EX2: 45861 | EY2: 2297.96 | EZ2: buy | FA2: 45861 | FB2: 2146 | FC2: buy | FD2: 45861 | FE2: 2194.06 | FF2: buy | FG2: 45861 | FH2: 1082.61 | FI2: buy | FJ2: 45861 | FK2: 1183.41 | FL2: buy | FM2: 45861 | FN2: 1135.98 | FO2: buy | FP2: 45861 | FQ2: 1004.74 | FR2: buy | FS2: 45861 | FT2: 526.5 | FU2: buy | FV2: 45861 | FW2: 1062.5 | FX2: buy | FY2: 45866 | FZ2: 3034.5 | GA2: buy | GB2: 45881 | GC2: 11262.37 | GD2: buy | GE2: 45896 | GF2: 2010.36 | GG2: buy | GH2: 45896 | GI2: 5120.53 | GJ2: buy | GK2: 45909 | GL2: 9186.09 | GM2: buy | GN2: 45911 | GO2: 3.63 | GP2: buy | GQ2: 45939 | GR2: 120.93 | GS2: buy | GT2: 45991 | GU2: 509.7 | GV2: buy | GW2: 46000 | GX2: 980.91 | GY2: buy | GZ2: 46007 | HA2: 64.56 | HB2: buy | HC2: 46009 | HD2: 4185.14 | HE2: buy | HF2: 46009 | HG2: 4597.68 | HH2: buy | HI2: 46009 | HJ2: 3216.07 | HK2: buy | HL2: 46009 | HM2: 12883.62 | HN2: buy | HO2: 46010 | HP2: 4238.89 | HQ2: buy | HR2: 46010 | HS2: 3610.88 | HT2: buy | HU2: 46016 | HV2: 716.29 | HW2: buy | HX2: 46016 | HY2: 669.76 | HZ2: buy | IA2: 46016 | IB2: 991.05 | IC2: buy | ID2: 46036 | IE2: 937.37 | IF2: buy | IG2: 46044 | IH2: 38.7 | II2: buy | IJ2: 46050 | IK2: 40.62 | IL2: buy | IM2: 46077 | IN2: 1121.49 | IO2: buy | IP2: 46090 | IQ2: 138.78 | IR2: buy | IS2: 46104 | IT2: 413.09 | IU2: buy | IV2: 46104 | IW2: 904.97 | IX2: buy | IY2: 46128 | IZ2: 219.69 | JA2: buy | JB2: 46132 | JC2: 981.28 | JD2: buy
A3: 45127 | B3: 1723.76 | C3: buy | D3: 45167 | E3: -1079.43 | F3: sell | G3: 45187 | H3: -3.56 | I3: Купон по RU000A0JX215 - ХМАО 10 2шт. по 2.28 RUR - налог 1 RUR (данные из БД) | J3: 45168 | K3: -1.17 | L3: Купон по RU000A0JX0Z8 - ЯНАО-2016 1шт. по 1.17 RUR - налог 0 RUR (данные из БД) | M3: 45167 | N3: -829.63 | O3: sell | P3: 45210 | Q3: -785.87 | R3: sell | S3: 45167 | T3: -827.84 | U3: sell | V3: 45167 | W3: -2342.63 | X3: sell | Y3: 45210 | Z3: -6922.54 | AA3: sell | AB3: 45168 | AC3: 1111.39 | AD3: buy | AE3: 45211 | AF3: -18692.85 | AG3: sell | AH3: 45308 | AI3: -610.1 | AJ3: Купон по SU26227RMFS7 - ОФЗ 26227 19шт. по 36.9 RUR - налог 91 RUR (данные из БД) | AK3: 45324 | AL3: -4899.27 | AM3: sell | AN3: 45356 | AO3: -1850.01 | AP3: sell | AQ3: 45267 | AR3: 990.8 | AS3: buy | AT3: 45317 | AU3: -1222.77 | AV3: sell | AW3: 45288 | AX3: 1130.36 | AY3: buy | AZ3: 45267 | BA3: 552.08 | BB3: buy | BC3: 45278 | BD3: 745.39 | BE3: buy | BF3: 45315 | BG3: 61.37 | BH3: buy | BI3: 45278 | BJ3: -168.42 | BK3: sell | BL3: 45275 | BM3: 1423.18 | BN3: buy | BO3: 45288 | BP3: 1985.98 | BQ3: buy | BR3: 45356 | BS3: -2360.61 | BT3: sell | BU3: 45324 | BV3: 549.48 | BW3: buy | BX3: 45351 | BY3: 3261.61 | BZ3: buy | CA3: 45366 | CB3: 1500.55 | CC3: buy | CD3: 45370 | CE3: -5927.25 | CF3: sell | CG3: 45366 | CH3: 3264.61 | CI3: buy | CJ3: 45369 | CK3: -6534.77 | CL3: sell | CM3: 45371 | CN3: 2961.47 | CO3: buy | CP3: 45370 | CQ3: -3710.14 | CR3: sell | CS3: 45371 | CT3: 21854.45 | CU3: buy | CV3: 45372 | CW3: -9134.68 | CX3: sell | CY3: 45380 | CZ3: 547.68 | DA3: buy | DB3: 45384 | DC3: -1643.29 | DD3: sell | DE3: 45385 | DF3: -1632.19 | DG3: sell | DH3: 45444 | DI3: -2830.23 | DJ3: sell | DK3: 45460 | DL3: -677.86 | DM3: sell | DN3: 45460 | DO3: 3218.57 | DP3: buy | DQ3: 45460 | DR3: 1920.56 | DS3: buy | DT3: 45554 | DU3: -2813.74 | DV3: sell | DW3: 45706 | DX3: 1043.62 | DY3: buy | DZ3: 45706 | EA3: 253.63 | EB3: buy | EC3: 45711 | ED3: -198.7 | EE3: sell | EF3: 45708 | EG3: -399.7 | EH3: sell | EI3: 45720 | EJ3: 11403.7 | EK3: buy | EL3: 45722 | EM3: 4436.22 | EN3: buy | EO3: 45801 | EP3: -677.1 | EQ3: sell | ER3: 45866 | ES3: -2388.67 | ET3: sell | EU3: 45866 | EV3: -33.96 | EW3: Купон по RU000A10ATW2 - БалтЛизП15 2шт. по 19.48 RUR - налог 5 RUR (данные из БД) | EX3: 45866 | EY3: -2306 | EZ3: sell | FA3: 45881 | FB3: -2203.55 | FC3: sell | FD3: 45861 | FE3: -2196.66 | FF3: sell | FG3: 45881 | FH3: -17.75 | FI3: Купон по RU000A10AV15 - ВИС Ф БП07 1шт. по 20.75 RUR - налог 3 RUR (данные из БД) | FJ3: 45881 | FK3: -112.64 | FL3: Купон по RU000A104JQ3 - СамолетP11 1шт. по 129.64 RUR - налог 17 RUR (данные из БД) | FM3: 45876 | FN3: -17.96 | FO3: Купон по RU000A10B9Q9 - ГЛОРАКС1Р4 1шт. по 20.96 RUR - налог 3 RUR (данные из БД) | FP3: 45861 | FQ3: 1002.54 | FR3: buy | FS3: 45861 | FT3: -527.04 | FU3: sell | FV3: 45879 | FW3: -17.55 | FX3: Купон по RU000A10B2J9 - О'КЕЙ Б1Р7 1шт. по 20.55 RUR - налог 3 RUR (данные из БД) | FY3: 45866 | FZ3: 2427.6 | GA3: buy | GB3: 45896 | GC3: -182.6 | GD3: Купон по RU000A10C6U6 - МГКЛ-1P8 10шт. по 20.96 RUR - налог 27 RUR (данные из БД) | GE3: 45896 | GF3: 1004.68 | GG3: buy | GH3: 45898 | GI3: -40.65 | GJ3: Дивиденд по FLOW - FLOW ETF 5шт. по 9.33 RUR - налог 6 RUR (данные из БД) | GK3: 45918 | GL3: -9340.81 | GM3: sell | GN3: 45915 | GO3: 99.7 | GP3: buy | GQ3: 45940 | GR3: 60.17 | GS3: buy | GT3: 46001 | GU3: -509.67 | GV3: sell | GW3: 46027 | GX3: -987.41 | GY3: sell | GZ3: 46007 | HA3: 64.3 | HB3: buy | HC3: 46010 | HD3: -594.72 | HE3: sell | HF3: 46010 | HG3: -2306.36 | HH3: sell | HI3: 46010 | HJ3: 647.51 | HK3: buy | HL3: 46010 | HM3: 3419.49 | HN3: buy | HO3: 46013 | HP3: -124.55 | HQ3: Дивиденд по OZON - Озон 1шт. по 143.55 RUR - налог 19 RUR (данные из БД) | HR3: 46129 | HS3: -2250.89 | HT3: sell | HU3: 46016 | HV3: 715.99 | HW3: buy | HX3: 46018 | HY3: -13.21 | HZ3: Купон по RU000A10CLX3 - УралСт1Р05 1шт. по 15.21 RUR - налог 2 RUR (данные из БД) | IA3: 46019 | IB3: -20.84 | IC3: Купон по RU000A10DB16 - ОилРес1P3 1шт. по 23.84 RUR - налог 3 RUR (данные из БД) | ID3: 46050 | IE3: -943.55 | IF3: sell | IG3: 46048 | IH3: -42.18 | II3: sell | IJ3: 46062 | IK3: 459.34 | IL3: buy | IM3: 46077 | IN3: 2202.07 | IO3: buy | IP3: 46128 | IQ3: -142.23 | IR3: sell | IS3: 46104 | IT3: 412.34 | IU3: buy | IV3: 46251 | IW3: -711.05 | IX3: sell | IY3: 46140 | IZ3: 24719.08 | JA3: buy | JB3: 46157 | JC3: -150 | JD3: Дивиденд по SFIN - ЭсЭфАй ао 1шт. по 172 RUR - налог 22 RUR (данные из БД)
A4: 45210 | B4: -3352.91 | C4: sell | D4: 45167 | E4: -1079.43 | F4: sell | G4: 45278 | H4: -3.56 | I4: Купон по RU000A0JX215 - ХМАО 10 2шт. по 2.28 RUR - налог 1 RUR (данные из БД) | J4: 45266 | K4: -1.26 | L4: Купон по RU000A0JX0Z8 - ЯНАО-2016 1шт. по 1.26 RUR - налог 0 RUR (данные из БД) | M4: 45273 | N4: 351.53 | O4: buy | P4: 46047 | Q4: 522.77 | R4: buy | S4: 45210 | T4: 757.98 | U4: buy | V4: 45539 | W4: 3245.09 | X4: buy | Y4: 45210 | Z4: 6965.57 | AA4: buy | AB4: 45208 | AC4: 1082.93 | AD4: buy | AE4: 45314 | AF4: 5784.63 | AG4: buy | AH4: 45371 | AI4: -18827.62 | AJ4: sell | AK4: 45447 | AL4: 27375.89 | AM4: buy | AO4: ==XIRR(AO2:AO3,AN2:AN3) | AQ4: 45308 | AR4: -668.46 | AS4: sell | AT4: 45366 | AU4: 6957.48 | AV4: buy | AW4: 45288 | AX4: 376.79 | AY4: buy | AZ4: 45268 | BA4: 274.9 | BB4: buy | BC4: 45285 | BD4: 1426.34 | BE4: buy | BF4: 45327 | BG4: 495.91 | BH4: buy | BI4: 45314 | BJ4: 3253.4 | BK4: buy | BL4: 45350 | BM4: -46.01 | BN4: Купон по RU000A101QF7 - РитйлБФ1P1 3шт. по 17.67 RUR - налог 7 RUR (данные из БД) | BO4: 45288 | BP4: 1985.78 | BQ4: buy | BR4: 45370 | BS4: 775.62 | BT4: buy | BU4: 45327 | BV4: 4431.93 | BW4: buy | BX4: 45370 | BY4: -6454.84 | BZ4: sell | CA4: 45369 | CB4: 748.8 | CC4: buy | CE4: ==XIRR(CE2:CE3,CD2:CD3) | CG4: 45372 | CH4: 19479.57 | CI4: buy | CK4: ==XIRR(CK2:CK3,CJ2:CJ3) | CM4: 45444 | CN4: -3125.1 | CO4: sell | CQ4: ==XIRR(CQ2:CQ3,CP2:CP3) | CS4: 45372 | CT4: -24269.22 | CU4: sell | CW4: ==XIRR(CW2:CW3,CV2:CV3) | CY4: 45380 | CZ4: -714.36 | DA4: sell | DB4: 45707 | DC4: 1213.61 | DD4: buy | DE4: 46057 | DF4: 4254.4 | DG4: buy | DH4: 45444 | DI4: -25467.61 | DJ4: sell | DK4: 45460 | DL4: -16263.77 | DM4: sell | DN4: 45460 | DO4: 6428.74 | DP4: buy | DQ4: 45504 | DR4: 855.69 | DS4: buy | DT4: 45554 | DU4: -703.65 | DV4: sell | DW4: 45706 | DX4: 1017.01 | DY4: buy | DZ4: 45706 | EA4: 507.05 | EB4: buy | ED4: ==XIRR(ED2:ED3,EC2:EC3) | EG4: ==XIRR(EG2:EG3,EF2:EF3) | EI4: 45720 | EJ4: 22815.4 | EK4: buy | EL4: 45722 | EM4: -8851.57 | EN4: sell | EO4: 45801 | EP4: -135.42 | EQ4: sell | ES4: ==XIRR(ES2:ES3,ER2:ER3) | EU4: 45881 | EV4: -2195.29 | EW4: sell | EY4: ==XIRR(EY2:EY3,EX2:EX3) | FB4: ==XIRR(FB2:FB3,FA2:FA3) | FE4: ==XIRR(FE2:FE3,FD2:FD3) | FG4: 45881 | FH4: -1078.75 | FI4: sell | FJ4: 45881 | FK4: -1087.17 | FL4: sell | FM4: 45881 | FN4: -1131.43 | FO4: sell | FP4: 45881 | FQ4: -2068.88 | FR4: sell | FT4: ==XIRR(FT2:FT3,FS2:FS3) | FV4: 45881 | FW4: -1069.02 | FX4: sell | FY4: 45866 | FZ4: 2730.78 | GA4: buy | GB4: 45918 | GC4: -11414.07 | GD4: sell | GE4: 45909 | GF4: 1017.47 | GG4: buy | GH4: 45930 | GI4: -46.6 | GJ4: Дивиденд по FLOW - FLOW ETF 5шт. по 10.72 RUR - налог 7 RUR (данные из БД) | GL4: ==XIRR(GL2:GL3,GK2:GK3) | GN4: 45918 | GO4: -102.58 | GP4: sell | GQ4: 45979 | GR4: 43.8 | GS4: buy | GU4: ==XIRR(GU2:GU3,GT2:GT3) | GX4: ==XIRR(GX2:GX3,GW2:GW3) | GZ4: 46009 | HA4: 63.61 | HB4: buy | HC4: 46017 | HD4: 575.36 | HE4: buy | HF4: 46013 | HG4: -31 | HH4: Дивиденд по PLZL - Полюс 1шт. по 36 RUR - налог 5 RUR (данные из БД) | HI4: 46017 | HJ4: 636.91 | HK4: buy | HL4: 46017 | HM4: -4203.66 | HN4: sell | HO4: 46129 | HP4: -4365.82 | HQ4: sell | HR4: 46129 | HS4: -2250.89 | HT4: sell | HU4: 46016 | HV4: 9946.58 | HW4: buy | HX4: 46017 | HY4: -745.64 | HZ4: sell | IA4: 46027 | IB4: -1000.95 | IC4: sell | IE4: ==XIRR(IE2:IE3,ID2:ID3) | IH4: ==XIRR(IH2:IH3,IG2:IG3) | IJ4: 46091 | IK4: 41.52 | IL4: buy | IM4: 46104 | IN4: 1016.63 | IO4: buy | IQ4: ==XIRR(IQ2:IQ3,IP2:IP3) | IS4: 46251 | IT4: -708.25 | IU4: sell | IW4: ==XIRR(IW2:IW3,IV2:IV3) | IY4: 46140 | IZ4: 275.89 | JA4: buy | JB4: 46225 | JC4: 459.63 | JD4: buy
A5: 45211 | B5: 18599.37 | C5: buy | D5: 45371 | E5: 545.98 | F5: buy | G5: 45277 | H5: -200 | I5: Амортизация ХМАО 10: 2 шт. по 100 RUR. (данные из БД) | J5: 45265 | K5: -50 | L5: Амортизация ЯНАО-2016: 1 шт. по 50 RUR. (данные из БД) | M5: 45279 | N5: -353.26 | O5: sell | P5: 46076 | Q5: -575.35 | R5: sell | S5: 45210 | T5: 2289.92 | U5: buy | V5: 45539 | W5: 1297.04 | X5: buy | Y5: 45210 | Z5: -6904.55 | AA5: sell | AB5: 45210 | AC5: -4874.55 | AD5: sell | AE5: 45351 | AF5: -5375.69 | AG5: sell | AI5: ==XIRR(AI2:AI4,AH2:AH4) | AK5: 45461 | AL5: -499.5 | AM5: Дивиденд по CHMF - СевСт-ао 15шт. по 38.3 RUR - налог 75 RUR (данные из БД) | AO5: ==-SUM(AO2:AO3) | AP5: Полный доход | AQ5: 45309 | AR5: -2017.98 | AS5: sell | AT5: 45370 | AU5: -6849.52 | AV5: sell | AW5: 45288 | AX5: 1111.19 | AY5: buy | AZ5: 45314 | BA5: -2464.61 | BB5: sell | BC5: 45310 | BD5: -3002.4 | BE5: sell | BF5: 45357 | BG5: -1922.36 | BH5: sell | BI5: 45327 | BJ5: -2917.37 | BK5: sell | BL5: 45383 | BM5: -722.91 | BN5: sell | BO5: 45352 | BP5: -2180.05 | BQ5: sell | BR5: 45370 | BS5: 772.12 | BT5: buy | BU5: 45327 | BV5: 2786.98 | BW5: buy | BX5: 45371 | BY5: 2511.66 | BZ5: buy | CA5: 45370 | CB5: 2230.47 | CC5: buy | CE5: ==-SUM(CE2:CE3) | CF5: Полный доход | CG5: 45372 | CH5: 3245.62 | CI5: buy | CK5: ==-SUM(CK2:CK3) | CL5: Полный доход | CM5: 45444 | CN5: -6252.07 | CO5: sell | CQ5: ==-SUM(CQ2:CQ3) | CR5: Полный доход | CS5: 45868 | CT5: 4268.46 | CU5: buy | CW5: ==-SUM(CW2:CW3) | CX5: Полный доход | CY5: 45867 | CZ5: 442.24 | DA5: buy | DB5: 45708 | DC5: -1226.79 | DD5: sell | DE5: 46078 | DF5: 2847.22 | DG5: buy | DH5: 45447 | DI5: 29333.46 | DJ5: buy | DL5: ==XIRR(DL2:DL4,DK2:DK4) | DN5: 45460 | DO5: -3170.86 | DP5: sell | DQ5: 45504 | DR5: 1714.18 | DS5: buy | DU5: ==XIRR(DU2:DU4,DT2:DT4) | DW5: 45706 | DX5: 1017.01 | DY5: buy | DZ5: 45708 | EA5: 1052.13 | EB5: buy | ED5: ==-SUM(ED2:ED3) | EE5: Полный доход | EG5: ==-SUM(EG2:EG3) | EH5: Полный доход | EI5: 45720 | EJ5: 45142.56 | EK5: buy | EL5: 45722 | EM5: -8855.57 | EN5: sell | EO5: 45861 | EP5: 139.52 | EQ5: buy | ES5: ==-SUM(ES2:ES3) | ET5: Полный доход | EV5: ==XIRR(EV2:EV4,EU2:EU4) | EY5: ==-SUM(EY2:EY3) | EZ5: Полный доход | FB5: ==-SUM(FB2:FB3) | FC5: Полный доход | FE5: ==-SUM(FE2:FE3) | FF5: Полный доход | FH5: ==XIRR(FH2:FH4,FG2:FG4) | FK5: ==XIRR(FK2:FK4,FJ2:FJ4) | FN5: ==XIRR(FN2:FN4,FM2:FM4) | FQ5: ==XIRR(FQ2:FQ4,FP2:FP4) | FT5: ==-SUM(FT2:FT3) | FU5: Полный доход | FW5: ==XIRR(FW2:FW4,FV2:FV4) | FY5: 45867 | FZ5: 101.17 | GA5: buy | GC5: ==XIRR(GC2:GC4,GB2:GB4) | GE5: 45918 | GF5: -1026.64 | GG5: sell | GH5: 45961 | GI5: -44.25 | GJ5: Дивиденд по FLOW - FLOW ETF 5шт. по 10.25 RUR - налог 7 RUR (данные из БД) | GL5: ==-SUM(GL2:GL3) | GM5: Полный доход | GN5: 45954 | GO5: 98.97 | GP5: buy | GQ5: 45989 | GR5: -223.16 | GS5: sell | GU5: ==-SUM(GU2:GU3) | GV5: Полный доход | GX5: ==-SUM(GX2:GX3) | GY5: Полный доход | GZ5: 46009 | HA5: 63.61 | HB5: buy | HC5: 46033 | HD5: -49.91 | HE5: Дивиденд по TATN - Татнфт 3ао 7шт. по 8.13 RUR - налог 7 RUR (данные из БД) | HF5: 46086 | HG5: 2478.59 | HH5: buy | HI5: 46086 | HJ5: -607.82 | HK5: sell | HL5: 46038 | HM5: 141.48 | HN5: buy | HP5: ==XIRR(HP2:HP4,HO2:HO4) | HS5: ==XIRR(HS2:HS4,HR2:HR4) | HU5: 46016 | HV5: -11723.5 | HW5: sell | HY5: ==XIRR(HY2:HY4,HX2:HX4) | IB5: ==XIRR(IB2:IB4,IA2:IA4) | IE5: ==-SUM(IE2:IE3) | IF5: Полный доход | IH5: ==-SUM(IH2:IH3) | II5: Полный доход | IJ5: 46099 | IK5: -560.4 | IL5: sell | IM5: 46125 | IN5: 954.67 | IO5: buy | IQ5: ==-SUM(IQ2:IQ3) | IR5: Полный доход | IT5: ==XIRR(IT2:IT4,IS2:IS4) | IW5: ==-SUM(IW2:IW3) | IX5: Полный доход | IY5: 46154 | IZ5: 184.9 | JA5: buy | JB5: 46227 | JC5: 874.03 | JD5: buy
A6: 45211 | B6: -18588.4 | C6: sell | D6: 45376 | E6: -555.6 | F6: sell | H6: ==XIRR(H2:H5,G2:G5) | K6: ==XIRR(K2:K5,J2:J5) | M6: 45317 | N6: 1047.68 | O6: buy | Q6: ==XIRR(Q2:Q5,P2:P5) | S6: 45210 | T6: -3036.37 | U6: sell | V6: 45540 | W6: 9960.47 | X6: buy | Y6: 45275 | Z6: 6406.2 | AA6: buy | AB6: 46009 | AC6: 2073.91 | AD6: buy | AE6: 45539 | AF6: 1936.35 | AG6: buy | AI6: ==-SUM(AI2:AI4) | AJ6: Полный доход | AK6: 45461 | AL6: -2499.65 | AM6: Дивиденд по CHMF - СевСт-ао 15шт. по 191.51 RUR - налог 373 RUR (данные из БД) | AR6: ==XIRR(AR2:AR5,AQ2:AQ5) | AT6: 45476 | AU6: 205.27 | AV6: buy | AW6: 45362 | AX6: -3243.01 | AY6: sell | BA6: ==XIRR(BA2:BA5,AZ2:AZ5) | BD6: ==XIRR(BD2:BD5,BC2:BC5) | BF6: 45385 | BG6: 1854.36 | BH6: buy | BJ6: ==XIRR(BJ2:BJ5,BI2:BI5) | BL6: 45383 | BM6: -1445.82 | BN6: sell | BO6: 45352 | BP6: -6540.33 | BQ6: sell | BR6: 45373 | BS6: 3150.51 | BT6: buy | BU6: 45384 | BV6: -681.6 | BW6: sell | BX6: 45372 | BY6: -1258.97 | BZ6: sell | CA6: 45371 | CB6: -10869.29 | CC6: sell | CG6: 45407 | CH6: -17925.65 | CI6: sell | CM6: 45447 | CN6: 12584.06 | CO6: buy | CS6: 45868 | CT6: 610.17 | CU6: buy | CY6: 45868 | CZ6: 266.57 | DA6: buy | DC6: ==XIRR(DC2:DC5,DB2:DB5) | DE6: 46080 | DF6: 1429.82 | DG6: buy | DH6: 45476 | DI6: -20626.49 | DJ6: sell | DL6: ==-SUM(DL2:DL4) | DM6: Полный доход | DN6: 45460 | DO6: -8455.63 | DP6: sell | DQ6: 45527 | DR6: -761.5 | DS6: sell | DU6: ==-SUM(DU2:DU4) | DV6: Полный доход | DW6: 45709 | DX6: -4168.1 | DY6: sell | DZ6: 45708 | EA6: 2070.64 | EB6: buy | EI6: 45720 | EJ6: 90525.24 | EK6: buy | EL6: 45722 | EM6: -15497.25 | EN6: sell | EO6: 45861 | EP6: -139.51 | EQ6: sell | EV6: ==-SUM(EV2:EV4) | EW6: Полный доход | FH6: ==-SUM(FH2:FH4) | FI6: Полный доход | FK6: ==-SUM(FK2:FK4) | FL6: Полный доход | FN6: ==-SUM(FN2:FN4) | FO6: Полный доход | FQ6: ==-SUM(FQ2:FQ4) | FR6: Полный доход | FW6: ==-SUM(FW2:FW4) | FX6: Полный доход | FY6: 45868 | FZ6: 2027.2 | GA6: buy | GC6: ==-SUM(GC2:GC4) | GD6: Полный доход | GE6: 45918 | GF6: -3074.61 | GG6: sell | GH6: 45988 | GI6: -5139 | GJ6: sell | GN6: 45958 | GO6: 198.25 | GP6: buy | GR6: ==XIRR(GR2:GR5,GQ2:GQ5) | GZ6: 46014 | HA6: 59.11 | HB6: buy | HC6: 46038 | HD6: -558.45 | HE6: sell | HF6: 46140 | HG6: -4322.6 | HH6: sell | HI6: 46086 | HJ6: -3646.28 | HK6: sell | HL6: 46044 | HM6: 717.89 | HN6: buy | HP6: ==-SUM(HP2:HP4) | HQ6: Полный доход | HS6: ==-SUM(HS2:HS4) | HT6: Полный доход | HU6: 46016 | HV6: 6643.77 | HW6: buy | HY6: ==-SUM(HY2:HY4) | HZ6: Полный доход | IB6: ==-SUM(IB2:IB4) | IC6: Полный доход | IJ6: 46178 | IK6: 42.81 | IL6: buy | IM6: 46168 | IN6: 810.2 | IO6: buy | IT6: ==-SUM(IT2:IT4) | IU6: Полный доход | IY6: 46174 | IZ6: -25726.65 | JA6: sell | JB6: 46239 | JC6: -2538.76 | JD6: sell
A7: 45266 | B7: 3211.36 | C7: buy | D7: 45460 | E7: 551.75 | F7: buy | H7: ==-SUM(H2:H5) | I7: Полный доход | K7: ==-SUM(K2:K5) | L7: Полный доход | M7: 45351 | N7: -1050.66 | O7: sell | Q7: ==-SUM(Q2:Q5) | R7: Полный доход | S7: 45211 | T7: 18809.4 | U7: buy | V7: 45540 | W7: 11628.79 | X7: buy | Y7: 45357 | Z7: -7522.74 | AA7: sell | AB7: 46010 | AC7: -2069.59 | AD7: sell | AE7: 45554 | AF7: -2003.8 | AG7: sell | AK7: 45527 | AL7: -18740.62 | AM7: sell | AR7: ==-SUM(AR2:AR5) | AS7: Полный доход | AT7: 45527 | AU7: -188.66 | AV7: sell | AW7: 45373 | AX7: 755.21 | AY7: buy | BA7: ==-SUM(BA2:BA5) | BB7: Полный доход | BD7: ==-SUM(BD2:BD5) | BE7: Полный доход | BF7: 45386 | BG7: 98.94 | BH7: buy | BJ7: ==-SUM(BJ2:BJ5) | BK7: Полный доход | BM7: ==XIRR(BM2:BM6,BL2:BL6) | BO7: 45366 | BP7: 4367.49 | BQ7: buy | BR7: 45384 | BS7: 856.19 | BT7: buy | BU7: 45384 | BV7: -9541.76 | BW7: sell | BX7: 45372 | BY7: -1258.97 | BZ7: sell | CA7: 45371 | CB7: -724.62 | CC7: sell | CG7: 45407 | CH7: -14344.82 | CI7: sell | CM7: 45476 | CN7: 16486.18 | CO7: buy | CS7: 45876 | CT7: -4891.04 | CU7: sell | CY7: 46009 | CZ7: 3984.5 | DA7: buy | DC7: ==-SUM(DC2:DC5) | DD7: Полный доход | DE7: 46140 | DF7: -1369.33 | DG7: sell | DH7: 45476 | DI7: -5893.28 | DJ7: sell | DN7: 45540 | DO7: 4149.57 | DP7: buy | DQ7: 45527 | DR7: -761.5 | DS7: sell | DW7: 45722 | DX7: 962.78 | DY7: buy | DZ7: 45708 | EA7: 3929.97 | EB7: buy | EI7: 45721 | EJ7: 22171.08 | EK7: buy | EL7: 45722 | EM7: -22218.88 | EN7: sell | EO7: 45861 | EP7: 1813.76 | EQ7: buy | FY7: 45869 | FZ7: -146.3 | GA7: Дивиденд по TPAY - TPAY ETF 102шт. по 1.65 RUR - налог 22 RUR (данные из БД) | GF7: ==XIRR(GF2:GF6,GE2:GE6) | GI7: ==XIRR(GI2:GI6,GH2:GH6) | GN7: 45958 | GO7: 1.79 | GP7: buy | GR7: ==-SUM(GR2:GR5) | GS7: Полный доход | GZ7: 46015 | HA7: 60.05 | HB7: buy | HC7: 46044 | HD7: 563.15 | HE7: buy | HG7: ==XIRR(HG2:HG6,HF2:HF6) | HJ7: ==XIRR(HJ2:HJ6,HI2:HI6) | HL7: 46057 | HM7: -289.64 | HN7: sell | HU7: 46016 | HV7: 5176.6 | HW7: buy | IJ7: 46189 | IK7: 128.34 | IL7: buy | IM7: 46174 | IN7: 4781.94 | IO7: buy | IZ7: ==XIRR(IZ2:IZ6,IY2:IY6) | JC7: ==XIRR(JC2:JC6,JB2:JB6)
A8: 45266 | B8: 3177.14 | C8: buy | D8: 45460 | E8: 551.75 | F8: buy | M8: 45371 | N8: 679.34 | O8: buy | S8: 45211 | T8: -19099.7 | U8: sell | V8: 45541 | W8: 7205.26 | X8: buy | Y8: 46009 | Z8: 11512.2 | AA8: buy | AC8: ==XIRR(AC2:AC7,AB2:AB7) | AE8: 45699 | AF8: 1160.9 | AG8: buy | AL8: ==XIRR(AL2:AL7,AK2:AK7) | AT8: 45707 | AU8: 565.18 | AV8: buy | AW8: 45373 | AX8: -762.22 | AY8: sell | BF8: 45387 | BG8: 2872.08 | BH8: buy | BM8: ==-SUM(BM2:BM6) | BN8: Полный доход | BO8: 45372 | BP8: 2196.76 | BQ8: buy | BR8: 45384 | BS8: 10274.21 | BT8: buy | BV8: ==XIRR(BV2:BV7,BU2:BU7) | BX8: 46035 | BY8: 292.52 | BZ8: buy | CA8: 45371 | CB8: 728.38 | CC8: buy | CG8: 45415 | CH8: 18815.04 | CI8: buy | CM8: 45476 | CN8: 3297.34 | CO8: buy | CS8: 46036 | CT8: 590.7 | CU8: buy | CY8: 46010 | CZ8: -8.18 | DA8: sell | DE8: 46140 | DF8: -2738.66 | DG8: sell | DH8: 45476 | DI8: -2946.64 | DJ8: sell | DN8: 45544 | DO8: -96 | DP8: Дивиденд по MDMG - MDMG-ао 5шт. по 22 RUR - налог 14 RUR (данные из БД) | DQ8: 45527 | DR8: -1523.24 | DS8: sell | DW8: 45803 | DX8: 729.66 | DY8: buy | DZ8: 45709 | EA8: -8171.91 | EB8: sell | EI8: 45721 | EJ8: 11145.57 | EK8: buy | EL8: 45722 | EM8: -37772.1 | EN8: sell | EO8: 45863 | EP8: -1536.37 | EQ8: sell | FY8: 45869 | FZ8: 99.93 | GA8: buy | GF8: ==-SUM(GF2:GF6) | GG8: Полный доход | GI8: ==-SUM(GI2:GI6) | GJ8: Полный доход | GN8: 45959 | GO8: 98.49 | GP8: buy | GZ8: 46015 | HA8: 540.41 | HB8: buy | HC8: 46114 | HD8: -654.88 | HE8: sell | HG8: ==-SUM(HG2:HG6) | HH8: Полный доход | HJ8: ==-SUM(HJ2:HJ6) | HK8: Полный доход | HL8: 46086 | HM8: -2916.42 | HN8: sell | HU8: 46016 | HV8: 6545.89 | HW8: buy | IJ8: 46239 | IK8: -167.64 | IL8: sell | IM8: 46251 | IN8: -8179.99 | IO8: sell | IZ8: ==-SUM(IZ2:IZ6) | JA8: Полный доход | JC8: ==-SUM(JC2:JC6) | JD8: Полный доход
A9: 45288 | B9: 3189.35 | C9: buy | D9: 45460 | E9: 1103.48 | F9: buy | M9: 45380 | N9: -679.35 | O9: sell | S9: 45266 | T9: 656.63 | U9: buy | V9: 45554 | W9: -35971.2 | X9: sell | Y9: 46017 | Z9: 5732.08 | AA9: buy | AC9: ==-SUM(AC2:AC7) | AD9: Полный доход | AE9: 45699 | AF9: 1159.38 | AG9: buy | AL9: ==-SUM(AL2:AL7) | AM9: Полный доход | AT9: 45715 | AU9: 1082.22 | AV9: buy | AW9: 45539 | AX9: 1286.83 | AY9: buy | BF9: 45387 | BG9: -4831.81 | BH9: sell | BO9: 45383 | BP9: 6553.63 | BQ9: buy | BR9: 45407 | BS9: 1737.87 | BT9: buy | BV9: ==-SUM(BV2:BV7) | BW9: Полный доход | BX9: 46050 | BY9: -310.08 | BZ9: sell | CA9: 45380 | CB9: 2146.71 | CC9: buy | CG9: 45420 | CH9: 14843.87 | CI9: buy | CM9: 45484 | CN9: -2897 | CO9: Дивиденд по SBERP - Сбербанк-п 100шт. по 33.3 RUR - налог 433 RUR (данные из БД) | CS9: 46050 | CT9: -594.41 | CU9: sell | CY9: 46017 | CZ9: 178.85 | DA9: buy | DE9: 46223 | DF9: -532.51 | DG9: Дивиденд по TRNFP - Транснф ап 3шт. по 204.17 RUR - налог 80 RUR (данные из БД) | DH9: 45719 | DI9: 2381.4 | DJ9: buy | DN9: 45551 | DO9: 7478.68 | DP9: buy | DQ9: 45527 | DR9: -3046.48 | DS9: sell | DW9: 45803 | DX9: 1457.13 | DY9: buy | EA9: ==XIRR(EA2:EA8,DZ2:DZ8) | EI9: 45722 | EJ9: 84442.21 | EK9: buy | EL9: 45722 | EM9: -17863.06 | EN9: sell | EO9: 45863 | EP9: 1536.37 | EQ9: buy | FY9: 45876 | FZ9: 4526.55 | GA9: buy | GN9: 45959 | GO9: 1.79 | GP9: buy | GZ9: 46019 | HA9: 294.43 | HB9: buy | HC9: 46125 | HD9: 627.2 | HE9: buy | HL9: 46114 | HM9: -2160.31 | HN9: sell | HU9: 46017 | HV9: -19009.98 | HW9: sell | IK9: ==XIRR(IK2:IK8,IJ2:IJ8) | IN9: ==XIRR(IN2:IN8,IM2:IM8)
A10: 45372 | B10: 9524.81 | C10: buy | D10: 45460 | E10: 9376.79 | F10: buy | M10: 45504 | N10: 348.27 | O10: buy | S10: 45266 | T10: 3285.13 | U10: buy | W10: ==XIRR(W2:W9,V2:V9) | Y10: 46034 | Z10: -1036 | AA10: Дивиденд по LKOH - ЛУКОЙЛ 3шт. по 397 RUR - налог 155 RUR (данные из БД) | AE10: 45701 | AF10: -2473.16 | AG10: sell | AT10: 45715 | AU10: -1647.26 | AV10: sell | AW10: 45539 | AX10: 1959.07 | AY10: buy | BF10: 45387 | BG10: 378.37 | BH10: buy | BO10: 45387 | BP10: 2246.8 | BQ10: buy | BR10: 45420 | BS10: -18213.43 | BT10: sell | BX10: 46099 | BY10: 304.88 | BZ10: buy | CA10: 45387 | CB10: -2928.45 | CC10: sell | CG10: 45422 | CH10: 3660.93 | CI10: buy | CM10: 45527 | CN10: -25672.44 | CO10: sell | CT10: ==XIRR(CT2:CT9,CS2:CS9) | CY10: 46038 | CZ10: -234.47 | DA10: sell | DE10: 46237 | DF10: 2167.06 | DG10: buy | DH10: 45719 | DI10: 2367.18 | DJ10: buy | DN10: 45554 | DO10: 10052.03 | DP10: buy | DR10: ==XIRR(DR2:DR9,DQ2:DQ9) | DW10: 45818 | DX10: -2958.1 | DY10: sell | EA10: ==-SUM(EA2:EA8) | EB10: Полный доход | EI10: 45723 | EJ10: -584447.62 | EK10: sell | EL10: 45723 | EM10: 105059.51 | EN10: buy | EO10: 45866 | EP10: 279.7 | EQ10: buy | FY10: 45876 | FZ10: 301.5 | GA10: buy | GN10: 45964 | GO10: 261.56 | GP10: buy | GZ10: 46076 | HA10: -1267.44 | HB10: sell | HC10: 46135 | HD10: -4210.49 | HE10: sell | HL10: 46125 | HM10: 6668.28 | HN10: buy | HV10: ==XIRR(HV2:HV9,HU2:HU9) | IK10: ==-SUM(IK2:IK8) | IL10: Полный доход | IN10: ==-SUM(IN2:IN8) | IO10: Полный доход
A11: 45372 | B11: 1583.09 | C11: buy | D11: 45476 | E11: 9836.76 | F11: buy | M11: 45527 | N11: -319.99 | O11: sell | S11: 45324 | T11: -4238.01 | U11: sell | W11: ==-SUM(W2:W9) | X11: Полный доход | Y11: 46057 | Z11: -5206.83 | AA11: sell | AE11: 46000 | AF11: 1182.5 | AG11: buy | AT11: 45849 | AU11: 448.62 | AV11: buy | AW11: 45540 | AX11: 7683.84 | AY11: buy | BF11: 45392 | BG11: 19.29 | BH11: buy | BO11: 45387 | BP11: 2247.4 | BQ11: buy | BR11: 45539 | BS11: 1371.1 | BT11: buy | BX11: 46104 | BY11: 289.24 | BZ11: buy | CA11: 46099 | CB11: 456.19 | CC11: buy | CG11: 45446 | CH11: -3274.37 | CI11: sell | CM11: 45887 | CN11: 315.22 | CO11: buy | CT11: ==-SUM(CT2:CT9) | CU11: Полный доход | CY11: 46044 | CZ11: 35.13 | DA11: buy | DE11: 46251 | DF11: -2011.81 | DG11: sell | DH11: 45720 | DI11: -4908.54 | DJ11: sell | DN11: 45554 | DO11: 11727.37 | DP11: buy | DR11: ==-SUM(DR2:DR9) | DS11: Полный доход | DW11: 46009 | DX11: 792.94 | DY11: buy | EI11: 45723 | EJ11: 295517.69 | EK11: buy | EM11: ==XIRR(EM2:EM10,EL2:EL10) | EO11: 45868 | EP11: -2099.55 | EQ11: sell | FY11: 45877 | FZ11: 1609.12 | GA11: buy | GN11: 45964 | GO11: 1.81 | GP11: buy | HA11: ==XIRR(HA2:HA10,GZ2:GZ10) | HD11: ==XIRR(HD2:HD10,HC2:HC10) | HL11: 46129 | HM11: -4840.63 | HN11: sell | HV11: ==-SUM(HV2:HV9) | HW11: Полный доход
A12: 45383 | B12: -17371.31 | C12: sell | D12: 45527 | E12: -6454.59 | F12: sell | M12: 45539 | N12: 1542.5 | O12: buy | S12: 45370 | T12: 2230.77 | U12: buy | Y12: 46140 | Z12: -11055.07 | AA12: sell | AE12: 46000 | AF12: -1186.23 | AG12: sell | AT12: 45849 | AU12: -436.98 | AV12: sell | AW12: 45540 | AX12: -4646.28 | AY12: sell | BF12: 45407 | BG12: 1371.84 | BH12: buy | BO12: 45444 | BP12: -3667.86 | BQ12: sell | BR12: 45539 | BS12: 4113.29 | BT12: buy | BX12: 46129 | BY12: 808.3 | BZ12: buy | CA12: 46104 | CB12: 447.67 | CC12: buy | CG12: 45446 | CH12: -22927.53 | CI12: sell | CM12: 45896 | CN12: -310.37 | CO12: sell | CY12: 46057 | CZ12: -292.84 | DA12: sell | DE12: 46251 | DF12: -3017.72 | DG12: sell | DH12: 46038 | DI12: 4452.56 | DJ12: buy | DN12: 45554 | DO12: 837.42 | DP12: buy | DW12: 46009 | DX12: 792.84 | DY12: buy | EJ12: ==XIRR(EJ2:EJ11,EI2:EI11) | EM12: ==-SUM(EM2:EM10) | EN12: Полный доход | EO12: 45983 | EP12: 147.18 | EQ12: buy | FY12: 45884 | FZ12: -16897.06 | GA12: sell | GN12: 45971 | GO12: 395.29 | GP12: buy | HA12: ==-SUM(HA2:HA10) | HB12: Полный доход | HD12: ==-SUM(HD2:HD10) | HE12: Полный доход | HL12: 46129 | HM12: -9465.2 | HN12: sell
A13: 45383 | B13: -3158.42 | C13: sell | D13: 45527 | E13: -1721.22 | F13: sell | M13: 45539 | N13: 310.95 | O13: buy | S13: 45373 | T13: -2295.56 | U13: sell | Z13: ==XIRR(Z2:Z12,Y2:Y12) | AE13: 46009 | AF13: 2418.34 | AG13: buy | AT13: 46081 | AU13: 4094.1 | AV13: buy | AW13: 45540 | AX13: -6969.42 | AY13: sell | BF13: 45407 | BG13: -1772.18 | BH13: sell | BO13: 45444 | BP13: -11002.39 | BQ13: sell | BR13: 45540 | BS13: 3462.77 | BT13: buy | BX13: 46132 | BY13: 1611.49 | BZ13: buy | CA13: 46174 | CB13: 395.39 | CC13: buy | CG13: 45446 | CH13: -6550.72 | CI13: sell | CM13: 46012 | CN13: 298.46 | CO13: buy | CY13: 46086 | CZ13: -89.62 | DA13: sell | DF13: ==XIRR(DF2:DF12,DE2:DE12) | DH13: 46125 | DI13: -2197.24 | DJ13: sell | DN13: 45554 | DO13: 3349.67 | DP13: buy | DW13: 46009 | DX13: 792.94 | DY13: buy | EJ13: ==-SUM(EJ2:EJ11) | EK13: Полный доход | EO13: 46001 | EP13: 11114.25 | EQ13: buy | FY13: 46036 | FZ13: 201.5 | GA13: buy | GN13: 45972 | GO13: 3.65 | GP13: buy | HM13: ==XIRR(HM2:HM12,HL2:HL12)
A14: 46009 | B14: 11612.98 | C14: buy | D14: 45527 | E14: -8604.1 | F14: sell | M14: 45539 | N14: 1873.2 | O14: buy | S14: 45539 | T14: 1474.56 | U14: buy | Z14: ==-SUM(Z2:Z12) | AA14: Полный доход | AE14: 46125 | AF14: -82.46 | AG14: Дивиденд по NVTK - Новатэк ао 2шт. по 47.23 RUR - налог 12 RUR (данные из БД) | AT14: 46097 | AU14: 173.05 | AV14: buy | AW14: 45540 | AX14: 158.03 | AY14: buy | BF14: 45415 | BG14: 1461.39 | BH14: buy | BP14: ==XIRR(BP2:BP13,BO2:BO13) | BR14: 45562 | BS14: -685.8 | BT14: Дивиденд по RTKMP - Ростел -ап 130шт. по 6.06 RUR - налог 102 RUR (данные из БД) | BX14: 46174 | BY14: 957.67 | BZ14: buy | CA14: 46219 | CB14: 1020.9 | CC14: buy | CH14: ==XIRR(CH2:CH13,CG2:CG13) | CM14: 46019 | CN14: -300.04 | CO14: sell | CY14: 46114 | CZ14: 17.82 | DA14: buy | DF14: ==-SUM(DF2:DF12) | DG14: Полный доход | DH14: 46125 | DI14: -2197.24 | DJ14: sell | DN14: 45554 | DO14: 10049.02 | DP14: buy | DW14: 46009 | DX14: 793.04 | DY14: buy | EO14: 46003 | EP14: -1186.96 | EQ14: sell | FY14: 46050 | FZ14: 101.22 | GA14: buy | GN14: 45973 | GO14: 98.93 | GP14: buy | HM14: ==-SUM(HM2:HM12) | HN14: Полный доход
A15: 46010 | B15: -1297.06 | C15: sell | D15: 45539 | E15: 5007.85 | F15: buy | M15: 45539 | N15: 311.71 | O15: buy | S15: 45539 | T15: 1986.38 | U15: buy | AE15: 46135 | AF15: -2433.58 | AG15: sell | AT15: 46111 | AU15: 82.33 | AV15: buy | AW15: 45540 | AX15: 3194.08 | AY15: buy | BF15: 45422 | BG15: -1465.8 | BH15: sell | BP15: ==-SUM(BP2:BP13) | BQ15: Полный доход | BR15: 45565 | BS15: -5671.46 | BT15: sell | BX15: 46239 | BY15: 156.28 | BZ15: buy | CA15: 46251 | CB15: -966.13 | CC15: sell | CH15: ==-SUM(CH2:CH13) | CI15: Полный доход | CN15: ==XIRR(CN2:CN14,CM2:CM14) | CY15: 46114 | CZ15: 270.14 | DA15: buy | DI15: ==XIRR(DI2:DI14,DH2:DH14) | DN15: 45565 | DO15: -903.77 | DP15: sell | DW15: 46010 | DX15: -3137.89 | DY15: sell | EO15: 46016 | EP15: -10137.44 | EQ15: sell | FY15: 46050 | FZ15: 3441.48 | GA15: buy | GN15: 45973 | GO15: 1.83 | GP15: buy
A16: 46012 | B16: 127.61 | C16: buy | D16: 45554 | E16: 9392.41 | F16: buy | M16: 45540 | N16: -4035.22 | O16: sell | S16: 45554 | T16: -3711.93 | U16: sell | AF16: ==XIRR(AF2:AF15,AE2:AE15) | AT16: 46129 | AU16: 9533.61 | AV16: buy | AW16: 45540 | AX16: 1575.79 | AY16: buy | BF16: 45422 | BG16: 1186.69 | BH16: buy | BR16: 45565 | BS16: -3544.67 | BT16: sell | BX16: 46244 | BY16: 1395.68 | BZ16: buy | CA16: 46251 | CB16: -1288.17 | CC16: sell | CN16: ==-SUM(CN2:CN14) | CO16: Полный доход | CY16: 46125 | CZ16: -182.42 | DA16: sell | DI16: ==-SUM(DI2:DI14) | DJ16: Полный доход | DN16: 45565 | DO16: -903.37 | DP16: sell | DW16: 46111 | DX16: -4139.54 | DY16: sell | EP16: ==XIRR(EP2:EP15,EO2:EO15) | FY16: 46050 | FZ16: 101.22 | GA16: buy | GN16: 45975 | GO16: 198.4 | GP16: buy
A17: 46016 | B17: 372.37 | C17: buy | D17: 45565 | E17: -454.43 | F17: sell | M17: 45705 | N17: 379.19 | O17: buy | T17: ==XIRR(T2:T16,S2:S16) | AF17: ==-SUM(AF2:AF15) | AG17: Полный доход | AT17: 46140 | AU17: -9234.34 | AV17: sell | AW17: 45540 | AX17: 6581.26 | AY17: buy | BF17: 45444 | BG17: 50706 | BH17: buy | BS17: ==XIRR(BS2:BS16,BR2:BR16) | BX17: 46244 | BY17: 1705.84 | BZ17: buy | CB17: ==XIRR(CB2:CB16,CA2:CA16) | CY17: 46129 | CZ17: 199.76 | DA17: buy | DN17: 45565 | DO17: -22581.92 | DP17: sell | DW17: 46112 | DX17: 4249.08 | DY17: buy | EP17: ==-SUM(EP2:EP15) | EQ17: Полный доход | FY17: 46050 | FZ17: 36945.3 | GA17: buy | GN17: 45975 | GO17: 1.83 | GP17: buy
A18: 46017 | B18: 1262.41 | C18: buy | D18: 45565 | E18: -454.43 | F18: sell | M18: 45707 | N18: 374.24 | O18: buy | T18: ==-SUM(T2:T16) | U18: Полный доход | AT18: 46223 | AU18: -422.5 | AV18: Дивиденд по VTBR - ВТБ ао 50шт. по 9.71 RUR - налог 63 RUR (данные из БД) | AW18: 45540 | AX18: 491.19 | AY18: buy | BF18: 45444 | BG18: 1197.23 | BH18: buy | BS18: ==-SUM(BS2:BS16) | BT18: Полный доход | BX18: 46251 | BY18: -4845.02 | BZ18: sell | CB18: ==-SUM(CB2:CB16) | CC18: Полный доход | CY18: 46129 | CZ18: -2.92 | DA18: sell | DN18: 45565 | DO18: -4514.88 | DP18: sell | DX18: ==XIRR(DX2:DX17,DW2:DW17) | FY18: 46050 | FZ18: 1113.42 | GA18: buy | GN18: 45985 | GO18: 97.77 | GP18: buy
A19: 46038 | B19: -1225.52 | C19: sell | D19: 45565 | E19: -14089.32 | F19: sell | M19: 45707 | N19: 752.48 | O19: buy | AT19: 46245 | AU19: 1515.76 | AV19: buy | AW19: 45540 | AX19: 163.53 | AY19: buy | BF19: 45446 | BG19: 33186.66 | BH19: buy | BY19: ==XIRR(BY2:BY18,BX2:BX18) | CY19: 46130 | CZ19: -5134.12 | DA19: sell | DN19: 45565 | DO19: -22571.92 | DP19: sell | DX19: ==-SUM(DX2:DX17) | DY19: Полный доход | FY19: 46051 | FZ19: -475.48 | GA19: Дивиденд по TPAY - TPAY ETF 414шт. по 1.32 RUR - налог 71 RUR (данные из БД) | GN19: 45985 | GO19: 1.85 | GP19: buy
A20: 46044 | B20: -253.43 | C20: sell | D20: 45699 | E20: 1708.35 | F20: buy | M20: 45708 | N20: -1539.63 | O20: sell | AT20: 46251 | AU20: -4069.7 | AV20: sell | AW20: 45541 | AX20: -11638.18 | AY20: sell | BF20: 45447 | BG20: -86344.13 | BH20: sell | BY20: ==-SUM(BY2:BY18) | BZ20: Полный доход | CZ20: ==XIRR(CZ2:CZ19,CY2:CY19) | DN20: 45565 | DO20: 75565.5 | DP20: buy | FY20: 46080 | FZ20: -392.26 | GA20: Дивиденд по TPAY - TPAY ETF 414шт. по 1.09 RUR - налог 59 RUR (данные из БД) | GN20: 45992 | GO20: 296.76 | GP20: buy
A21: 46044 | B21: -253.43 | C21: sell | D21: 45701 | E21: -1784.11 | F21: sell | M21: 46086 | N21: 5065.05 | O21: buy | AU21: ==XIRR(AU2:AU20,AT2:AT20) | AW21: 45541 | AX21: 154.63 | AY21: buy | BF21: 45447 | BG21: 133.93 | BH21: buy | CZ21: ==-SUM(CZ2:CZ19) | DA21: Полный доход | DN21: 45625 | DO21: -1444 | DP21: Дивиденд по MDMG - MDMG-ао 83шт. по 20 RUR - налог 216 RUR (данные из БД) | FY21: 46091 | FZ21: 402.32 | GA21: buy | GN21: 45992 | GO21: 3.67 | GP21: buy
A22: 46057 | B22: 1282.22 | C22: buy | D22: 46152 | E22: 250.17 | F22: buy | M22: 46125 | N22: -858.61 | O22: sell | AU22: ==-SUM(AU2:AU20) | AV22: Полный доход | AW22: 45541 | AX22: 4038.23 | AY22: buy | BF22: 45460 | BG22: 340.27 | BH22: buy | DN22: 45796 | DO22: -1589 | DP22: Дивиденд по MDMG - MDMG-ао 83шт. по 22 RUR - налог 237 RUR (данные из БД) | FY22: 46099 | FZ22: -42146.94 | GA22: sell | GN22: 46174 | GO22: -1921.67 | GP22: sell
A23: 46114 | B23: -1338.53 | C23: sell | D23: 46174 | E23: 231.71 | F23: buy | M23: 46129 | N23: 430.08 | O23: buy | AW23: 45547 | AX23: -3621.5 | AY23: sell | BF23: 45460 | BG23: 49.62 | BH23: buy | DN23: 45847 | DO23: -7240.61 | DP23: sell | FY23: 46178 | FZ23: 202.6 | GA23: buy | GO23: ==XIRR(GO2:GO22,GN2:GN22)
A24: 46129 | B24: 1277.72 | C24: buy | D24: 46174 | E24: 464.63 | F24: buy | M24: 46130 | N24: -424.47 | O24: sell | AX24: ==XIRR(AX2:AX23,AW2:AW23) | BF24: 45467 | BG24: 5.69 | BH24: buy | DN24: 45847 | DO24: -12413.67 | DP24: sell | FY24: 46203 | FZ24: -2.38 | GA24: Дивиденд по TPAY - TPAY ETF 2шт. по 1.19 RUR - налог 0 RUR (данные из БД) | GO24: ==-SUM(GO2:GO22) | GP24: Полный доход
A25: 46140 | B25: -10857.81 | C25: sell | D25: 46197 | E25: 187.29 | F25: buy | M25: 46130 | N25: -424.59 | O25: sell | AX25: ==-SUM(AX2:AX23) | AY25: Полный доход | BF25: 45476 | BG25: -533.81 | BH25: sell | DN25: 45847 | DO25: -61033.83 | DP25: sell | FY25: 46234 | FZ25: -2.4 | GA25: Дивиденд по TPAY - TPAY ETF 2шт. по 1.2 RUR - налог 0 RUR (данные из БД)
A26: 46153 | B26: 1195.69 | C26: buy | D26: 46251 | E26: -391.81 | F26: sell | M26: 46130 | N26: -3821.29 | O26: sell | BF26: 45476 | BG26: 168.43 | BH26: buy | DN26: 45847 | DO26: -1034.47 | DP26: sell | FY26: 46247 | FZ26: -102.12 | GA26: sell
A27: 46251 | B27: -842.29 | C27: sell | D27: 46251 | E27: -587.71 | F27: sell | N27: ==XIRR(N2:N26,M2:M26) | BF27: 45485 | BG27: 5.74 | BH27: buy | DN27: 45847 | DO27: -4138.73 | DP27: sell | FY27: 46251 | FZ27: -102.08 | GA27: sell
B28: ==XIRR(B2:B27,A2:A27) | E28: ==XIRR(E2:E27,D2:D27) | N28: ==-SUM(N2:N26) | O28: Полный доход | BF28: 45504 | BG28: 79.45 | BH28: buy | DO28: ==XIRR(DO2:DO27,DN2:DN27) | FZ28: ==XIRR(FZ2:FZ27,FY2:FY27)
B29: ==-SUM(B2:B27) | C29: Полный доход | E29: ==-SUM(E2:E27) | F29: Полный доход | BF29: 45504 | BG29: 2.89 | BH29: buy | DO29: ==-SUM(DO2:DO27) | DP29: Полный доход | FZ29: ==-SUM(FZ2:FZ27) | GA29: Полный доход
BF30: 45527 | BG30: -261.61 | BH30: sell
BF31: 45527 | BG31: 61387.2 | BH31: buy
BF32: 45527 | BG32: 6138.72 | BH32: buy
BF33: 45527 | BG33: 438.48 | BH33: buy
BF34: 45527 | BG34: 86.23 | BH34: buy
BF35: 45527 | BG35: 4.38 | BH35: buy
BF36: 45539 | BG36: -9634.33 | BH36: sell
BF37: 45539 | BG37: -14.68 | BH37: sell
BF38: 45539 | BG38: -4404.9 | BH38: sell
BF39: 45539 | BG39: -10263.42 | BH39: sell
BF40: 45539 | BG40: -7340.5 | BH40: sell
BF41: 45539 | BG41: 190.87 | BH41: buy
... BF87: 46265 | BG87: -14.52 | BH87: sell
BG88: ==XIRR(BG2:BG87,BF2:BF87)
BG89: ==-SUM(BG2:BG87) | BH89: Полный доход

Sheet Доход
B1: SBER Сбербанк | E1: BTBR iВ2В-РТС | H1: RAGR Русагро | K1: MOEX МосБиржа | N1: X5 КЦ ИКС 5 | Q1: GMKN ГМКНорНик | T1: YDEX ЯНДЕКС | W1: T Т-Техно ао | Z1: SNGSP Сургнфгз-п | AC1: IRAO ИнтерРАОао | AF1: AKMM AKMM ETF | AI1: TMOS TMOS ETF | AL1: AKMP AKMP ETF | AO1: AKGD AKGD ETF | AR1: AKPP AKPP ETF | AU1: RU000A10EMU3 sГТЛК2P-12 | AX1: SU26233RMFS5 ОФЗ 26233 | BA1: SU26240RMFS0 ОФЗ 26240 | BD1: SU26253RMFS3 ОФЗ 26253 | BG1: SU26247RMFS5 ОФЗ 26247 | BJ1: SU26246RMFS7 ОФЗ 26246 | BM1: SU26248RMFS3 ОФЗ 26248 | BP1: SU26250RMFS9 ОФЗ 26250
A2: 46014 | B2: 1 | C2: 298.13 | D2: 46129 | E2: 2 | F2: 236.12 | G2: 46078 | H2: 5 | I2: 603.55 | J2: 46080 | K2: 20 | L2: 3687.43 | M2: 46174 | N2: 1 | O2: 2458.7 | P2: 46279 | Q2: 120 | R2: 15634.06 | S2: 46232 | T2: 1 | U2: 3990.45 | V2: 46129 | W2: 3 | X2: 978.3 | Y2: 46083 | Z2: 10 | AA2: 467.0675 | AB2: 46280 | AC2: 100 | AD2: 244.87 | AE2: 46279 | AF2: 71 | AG2: 12601.79 | AH2: 46247 | AI2: 1 | AJ2: 5.64 | AK2: 46230 | AL2: 795 | AM2: 989.85 | AN2: 46280 | AO2: 1 | AP2: 257.29 | AQ2: 46280 | AR2: 1 | AS2: 142.08 | AT2: 46104 | AU2: 41 | AV2: 41000 | AW2: 45847 | AX2: 2 | AY2: 1243.37 | AZ2: 46140 | BA2: 16 | BB2: 10168.19 | BC2: 46129 | BD2: 20 | BE2: 20011.95 | BF2: 46129 | BG2: 7 | BH2: 6607.68 | BI2: 46036 | BJ2: 12 | BK2: 10785.41 | BL2: 45861 | BM2: 8 | BN2: 7529.15 | BO2: 46129 | BP2: 8 | BQ2: 7375.02
A3: 46076 | B3: 1 | C3: 314.22 | D3: 46129 | E3: 12 | F3: 1444.67 | G3: 46080 | H3: 28 | I3: 3396.13 | J3: 46253 | K3: 10 | L3: 1532.85 | M3: 46253 | N3: 1 | O3: 1974.97 | Q3: ==SUM(R2:R2)/SUM(Q2:Q2) | R3: Средняя цена | S3: 46251 | T3: 1 | U3: 3627.78 | V3: 46129 | W3: 1 | X3: 326.4 | Z3: ==SUM(AA2:AA2)/SUM(Z2:Z2) | AA3: Средняя цена | AC3: ==SUM(AD2:AD2)/SUM(AC2:AC2) | AD3: Средняя цена | AE3: 46280 | AF3: 54 | AG3: 9587.7 | AH3: 46251 | AI3: 13 | AJ3: 68.9 | AK3: 46230 | AL3: 8 | AM3: 9.96 | AO3: ==SUM(AP2:AP2)/SUM(AO2:AO2) | AP3: Средняя цена | AR3: ==SUM(AS2:AS2)/SUM(AR2:AR2) | AS3: Средняя цена | AT3: 46134 | AU3: 1 | AV3: 988.45 | AW3: 45847 | AX3: 7 | AY3: 4359.08 | AZ3: 46140 | BA3: 1 | BB3: 635.5 | BD3: ==SUM(BE2:BE2)/SUM(BD2:BD2) | BE3: Средняя цена | BF3: 46130 | BG3: 9 | BH3: 8510.7 | BI3: 46050 | BJ3: 1 | BK3: 898.5 | BL3: 45866 | BM3: 1 | BN3: 938.45 | BO3: 46130 | BP3: 1 | BQ3: 923.7
A4: 46076 | B4: 4 | C4: 1256.84 | D4: 46251 | E4: 1 | F4: 119.44 | G4: 46090 | H4: 1 | I4: 120.29 | J4: 46280 | K4: 30 | L4: 4576.34 | M4: 46273 | N4: 3 | O4: 5417.65 | Q4: 129.86 | R4: Текущая цена | S4: 46253 | T4: 2 | U4: 7456.65 | V4: 46147 | W4: 2 | X4: 618.2 | Z4: 41.155 | AA4: Текущая цена | AC4: 2.3705 | AD4: Текущая цена | AE4: 46280 | AF4: 1 | AG4: 177.55 | AH4: 46259 | AI4: 3 | AJ4: 15.81 | AK4: 46232 | AL4: 159 | AM4: 198.05 | AO4: 263.5 | AP4: Текущая цена | AR4: 144.7 | AS4: Текущая цена | AT4: 46164 | AU4: 12 | AV4: 11917.04 | AW4: 45868 | AX4: 4 | AY4: 2482.02 | AZ4: 46140 | BA4: 15 | BB4: 9532.68 | BD4: 85.426 | BE4: Текущая цена | BF4: 46130 | BG4: 1 | BH4: 945.63 | BJ4: ==SUM(BK2:BK3)/SUM(BJ2:BJ3) | BK4: Средняя цена | BM4: ==SUM(BN2:BN3)/SUM(BM2:BM3) | BN4: Средняя цена | BP4: ==SUM(BQ2:BQ3)/SUM(BP2:BP3) | BQ4: Средняя цена
A5: 46081 | B5: 2 | C5: 628.72 | D5: 46253 | E5: 38 | F5: 4559.19 | G5: 46093 | H5: 1 | I5: 115.76 | J5: 46280 | K5: 50 | L5: 7626.24 | M5: 46280 | N5: 4 | O5: 7371.61 | Q5: 120 | R5: Остаток | T5: ==SUM(U2:U4)/SUM(T2:T4) | U5: Средняя цена | V5: 46147 | W5: 1 | X5: 309.38 | Z5: 10 | AA5: Остаток | AC5: 100 | AD5: Остаток | AF5: ==SUM(AG2:AG4)/SUM(AF2:AF4) | AG5: Средняя цена | AH5: 46259 | AI5: 1 | AJ5: 5.27 | AK5: 46232 | AL5: 1 | AM5: 1.25 | AO5: 1 | AP5: Остаток | AR5: 1 | AS5: Остаток | AT5: 46194 | AU5: 1 | AV5: 989.93 | AW5: 45868 | AX5: 3 | AY5: 1847.25 | AZ5: 46232 | BA5: 1 | BB5: 628.45 | BD5: 20 | BE5: Остаток | BF5: 46169 | BG5: 1 | BH5: 855.41 | BJ5: 81.865 | BK5: Текущая цена | BM5: 80.637 | BN5: Текущая цена | BP5: 80.93 | BQ5: Текущая цена
A6: 46081 | B6: 8 | C6: 2514.87 | D6: 46253 | E6: 20 | F6: 2399.58 | G6: 46104 | H6: 1 | I6: 113.65 | K6: ==SUM(L2:L5)/SUM(K2:K5) | L6: Средняя цена | N6: ==SUM(O2:O5)/SUM(N2:N5) | O6: Средняя цена | Q6: ==Q5*(ABS(Q4)-ABS(Q3)) | R6: Доход | T6: 3756.5 | U6: Текущая цена | V6: 46178 | W6: 3 | X6: 899.28 | Z6: ==Z5*(ABS(Z4)-ABS(Z3)) | AA6: Доход | AC6: ==AC5*(ABS(AC4)-ABS(AC3)) | AD6: Доход | AF6: 177.86 | AG6: Текущая цена | AH6: 46279 | AI6: 3893 | AJ6: 22501.54 | AK6: 46244 | AL6: 317 | AM6: 396.5 | AO6: ==AO5*(ABS(AO4)-ABS(AO3)) | AP6: Доход | AR6: ==AR5*(ABS(AR4)-ABS(AR3)) | AS6: Доход | AU6: ==SUM(AV2:AV5)/SUM(AU2:AU5) | AV6: Средняя цена | AW6: 46009 | AX6: 5 | AY6: 3078.76 | BA6: ==SUM(BB2:BB5)/SUM(BA2:BA5) | BB6: Средняя цена | BD6: ==Портфель!H22*Портфель!$R$13 | BE6: Номинал | BG6: ==SUM(BH2:BH5)/SUM(BG2:BG5) | BH6: Средняя цена | BJ6: 13 | BK6: Остаток | BM6: 9 | BN6: Остаток | BP6: 9 | BQ6: Остаток
A7: 46082 | B7: 7 | C7: 2207.23 | D7: 46253 | E7: 10 | F7: 1199.79 | G7: 46132 | H7: 1 | I7: 112.74 | K7: 148.15 | L7: Текущая цена | N7: 1796 | O7: Текущая цена | T7: 4 | U7: Остаток | V7: 46209 | W7: 15 | X7: 3805.8 | AF7: 126 | AG7: Остаток | AI7: ==SUM(AJ2:AJ6)/SUM(AI2:AI6) | AJ7: Средняя цена | AK7: 46244 | AL7: 3 | AM7: 3.75 | AU7: 98.67 | AV7: Текущая цена | AW7: 46009 | AX7: 7 | AY7: 4310.26 | BA7: 57.813 | BB7: Текущая цена | BD7: ==Портфель!I22*Портфель!$R$13 | BE7: НКД | BG7: 81.091 | BH7: Текущая цена | BJ7: ==Портфель!H24*Портфель!$R$13 | BK7: Номинал | BM7: ==Портфель!H25*Портфель!$R$13 | BN7: Номинал | BP7: ==Портфель!H26*Портфель!$R$13 | BQ7: Номинал
A8: 46094 | B8: 2 | C8: 635.57 | D8: 46253 | E8: 1 | F8: 119.98 | G8: 46143 | H8: 1 | I8: 101.35 | K8: 110 | L8: Остаток | N8: 9 | O8: Остаток | T8: ==T7*(ABS(T6)-ABS(T5)) | U8: Доход | V8: 46209 | W8: 1 | X8: 253.58 | AF8: ==AF7*(ABS(AF6)-ABS(AF5)) | AG8: Доход | AI8: 5.61 | AJ8: Текущая цена | AK8: 46251 | AL8: 79 | AM8: 99.04 | AU8: 55 | AV8: Остаток | AW8: 46009 | AX8: 5 | AY8: 3078.76 | BA8: 33 | BB8: Остаток | BD8: ==BD5*(BD6*BD4/100-BD3+BD7) | BE8: Доход | BG8: 18 | BH8: Остаток | BJ8: ==Портфель!I24*Портфель!$R$13 | BK8: НКД | BM8: ==Портфель!I25*Портфель!$R$13 | BN8: НКД | BP8: ==Портфель!I26*Портфель!$R$13 | BQ8: НКД
A9: 46121 | B9: 2 | C9: 640.4 | D9: 46253 | E9: 1 | F9: 119.98 | G9: 46153 | H9: 3 | I9: 321.94 | K9: ==K8*(ABS(K7)-ABS(K6)) | L9: Доход | N9: ==N8*(ABS(N7)-ABS(N6)) | O9: Доход | V9: 46212 | W9: 1 | X9: 254.98 | AI9: 3911 | AJ9: Остаток | AK9: 46251 | AL9: 1 | AM9: 1.25 | AU9: ==Портфель!H19*Портфель!$R$13 | AV9: Номинал | AW9: 46009 | AX9: 1 | AY9: 616.03 | BA9: ==Портфель!H21*Портфель!$R$13 | BB9: Номинал | BG9: ==Портфель!H23*Портфель!$R$13 | BH9: Номинал | BJ9: ==BJ6*(BJ7*BJ5/100-BJ4+BJ8) | BK9: Доход | BM9: ==BM6*(BM7*BM5/100-BM4+BM8) | BN9: Доход | BP9: ==BP6*(BP7*BP5/100-BP4+BP8) | BQ9: Доход
A10: 46122 | B10: 1 | C10: 318.81 | D10: 46253 | E10: 5 | F10: 599.89 | G10: 46160 | H10: 7 | I10: 758.61 | V10: 46219 | W10: 1 | X10: 240.92 | AI10: ==AI9*(ABS(AI8)-ABS(AI7)) | AJ10: Доход | AK10: 46260 | AL10: 315 | AM10: 395.89 | AU10: ==Портфель!I19*Портфель!$R$13 | AV10: НКД | AW10: 46009 | AX10: 1 | AY10: 619.26 | BA10: ==Портфель!I21*Портфель!$R$13 | BB10: НКД | BG10: ==Портфель!I23*Портфель!$R$13 | BH10: НКД
A11: 46146 | B11: 1 | C11: 320.37 | D11: 46253 | E11: 10 | F11: 1199.79 | G11: 46168 | H11: 2 | I11: 197.38 | V11: 46239 | W11: 2 | X11: 548.72 | AK11: 46260 | AL11: 3 | AM11: 3.77 | AU11: ==AU8*(AU9*AU7/100-AU6+AU10) | AV11: Доход | AW11: 46009 | AX11: 1 | AY11: 583.13 | BA11: ==BA8*(BA9*BA7/100-BA6+BA10) | BB11: Доход | BG11: ==BG8*(BG9*BG7/100-BG6+BG10) | BH11: Доход
A12: 46150 | B12: 1 | C12: 321.76 | D12: 46253 | E12: 4 | F12: 479.92 | G12: 46168 | H12: 2 | I12: 197.62 | V12: 46239 | W12: 1 | X12: 274.38 | AK12: 46268 | AL12: 157 | AM12: 197.91 | AX12: ==SUM(AY2:AY11)/SUM(AX2:AX11) | AY12: Средняя цена
A13: 46150 | B13: 1 | C13: 321.5 | D13: 46253 | E13: 3 | F13: 359.94 | G13: 46181 | H13: 1 | I13: 102.17 | V13: 46247 | W13: 2 | X13: 552.68 | AK13: 46269 | AL13: 2 | AM13: 2.52 | AX13: 55.853 | AY13: Текущая цена
A14: 46154 | B14: 2 | C14: 652.26 | D14: 46253 | E14: 2 | F14: 239.96 | G14: 46197 | H14: 1 | I14: 84.24 | V14: 46251 | W14: 1 | X14: 252.86 | AK14: 46273 | AL14: 235 | AM14: 296.71 | AX14: 36 | AY14: Остаток
A15: 46174 | B15: 2 | C15: 645.29 | D15: 46253 | E15: 1 | F15: 119.98 | G15: 46197 | H15: 2 | I15: 168.48 | V15: 46269 | W15: 3 | X15: 790.68 | AK15: 46273 | AL15: 2 | AM15: 2.53 | AX15: ==Портфель!H20*Портфель!$R$13 | AY15: Номинал
A16: 46223 | B16: 4 | C16: 1026.25 | D16: 46253 | E16: 28 | F16: 3359.41 | G16: 46198 | H16: 1 | I16: 78.58 | V16: 46269 | W16: 1 | X16: 263.46 | AK16: 46279 | AL16: 157 | AM16: 198.65 | AX16: ==Портфель!I20*Портфель!$R$13 | AY16: НКД
A17: 46227 | B17: 1 | C17: 267.83 | E17: ==SUM(F2:F16)/SUM(E2:E16) | F17: Средняя цена | G17: 46209 | H17: 2 | I17: 155.48 | W17: ==SUM(X2:X16)/SUM(W2:W16) | X17: Средняя цена | AK17: 46279 | AL17: 1 | AM17: 1.27 | AX17: ==AX14*(AX15*AX13/100-AX12+AX16) | AY17: Доход
A18: 46238 | B18: 4 | C18: 1137.6 | E18: 124.68 | F18: Текущая цена | G18: 46213 | H18: 2 | I18: 150.31 | W18: 253.94 | X18: Текущая цена | AL18: ==SUM(AM2:AM17)/SUM(AL2:AL17) | AM18: Средняя цена
A19: 46245 | B19: 1 | C19: 286.99 | E19: 138 | F19: Остаток | G19: 46213 | H19: 10 | I19: 751.57 | W19: 38 | X19: Остаток | AL19: 1.2675 | AM19: Текущая цена
A20: 46279 | B20: 16 | C20: 4581.72 | E20: ==E19*(ABS(E18)-ABS(E17)) | F20: Доход | G20: 46213 | H20: 2 | I20: 150.31 | W20: ==W19*(ABS(W18)-ABS(W17)) | X20: Доход | AL20: 2235 | AM20: Остаток
A21: 46279 | B21: 2 | C21: 576.27 | G21: 46219 | H21: 1 | I21: 62.71 | AL21: ==AL20*(ABS(AL19)-ABS(AL18)) | AM21: Доход
B22: ==SUM(C2:C21)/SUM(B2:B21) | C22: Средняя цена | G22: 46223 | H22: 2 | I22: 117.7
B23: 276.36 | C23: Текущая цена | G23: 46223 | H23: 2 | I23: 117.02
B24: 63 | C24: Остаток | G24: 46225 | H24: 21 | I24: 1499.71
B25: ==B24*(ABS(B23)-ABS(B22)) | C25: Доход | G25: 46227 | H25: 4 | I25: 299.67
G26: 46227 | H26: 2 | I26: 150.47
G27: 46244 | H27: 1 | I27: 91.91
G28: 46244 | H28: 1 | I28: 91.5
G29: 46251 | H29: 3 | I29: 232.43
G30: 46251 | H30: 12 | I30: 929.98
G31: 46253 | H31: 82 | I31: 6682.99
G32: 46254 | H32: 4 | I32: 312.31
G33: 46259 | H33: 6 | I33: 460.31
G34: 46269 | H34: 12 | I34: 840.17
G35: 46269 | H35: 13 | I35: 912.79
G36: 46269 | H36: 2 | I36: 141.15
G37: 46273 | H37: 3 | I37: 210.46
H38: ==SUM(I2:I37)/SUM(H2:H37) | I38: Средняя цена
H39: 68.76 | I39: Текущая цена
H40: 244 | I40: Остаток
H41: ==H40*(ABS(H39)-ABS(H38)) | I41: Доход

Sheet Сделки
A1: Дата | B1: Тикер | C1: Название | D1: Операция | E1: Тип | F1: Валюта | G1: Количество | H1: Цена | I1: Сумма | J1: НКД | K1: Комиссия банка | L1: Комиссия ТС | M1: RUR | N1: Комментарий | O1: Портфель
A2: 45096.021 | B2: input | C2: Зачисление денежных средств | D2: input | E2: input | F2: RUR | G2: 1 | H2: 6400 | I2: 6400 | J2: 0 | K2: 0 | L2: 0 | M2: ==I2+J2+K2+L2 | O2: ВТБ ИИС
A3: 45096.594 | B3: GAZP | C3: "Газпром" (ПАО) ао | D3: buy | E3: share | F3: RUR | G3: 10 | H3: 170.75 | I3: -1707.5 | J3: 0 | K3: -1.36 | L3: 0 | M3: ==I3+J3+K3+L3 | O3: ВТБ ИИС
A4: 45096.596 | B4: SBER | C4: Сбербанк России ПАО ао | D4: buy | E4: share | F4: RUR | G4: 10 | H4: 242.18 | I4: -2421.8 | J4: 0 | K4: -1.94 | L4: 0 | M4: ==I4+J4+K4+L4 | O4: ВТБ ИИС
A5: 45096.797 | B5: MAGN | C5: "Магнитогорск.мет.комб" ПАО ао | D5: buy | E5: share | F5: RUR | G5: 40 | H5: 46.015 | I5: -1840.6 | J5: 0 | K5: -1.47 | L5: 0 | M5: ==I5+J5+K5+L5 | O5: ВТБ ИИС
A6: 45096.934 | B6: IRAO | C6: "Интер РАО" ПАО ао | D6: buy | E6: share | F6: RUR | G6: 100 | H6: 4.157 | I6: -415.7 | J6: 0 | K6: -0.33 | L6: 0 | M6: ==I6+J6+K6+L6 | O6: ВТБ ИИС
A7: 45111.021 | B7: input | C7: Зачисление денежных средств | D7: input | E7: input | F7: RUR | G7: 1 | H7: 201.18 | I7: 201.18 | J7: 0 | K7: 0 | L7: 0 | M7: ==I7+J7+K7+L7 | O7: ВТБ ИИС
A8: 45126.021 | B8: input | C8: Зачисление денежных средств | D8: input | E8: input | F8: RUR | G8: 1 | H8: 1768.59 | I8: 1768.59 | J8: 0 | K8: 0 | L8: 0 | M8: ==I8+J8+K8+L8 | O8: ВТБ ИИС
A9: 45127.735 | B9: GAZP | C9: "Газпром" (ПАО) ао | D9: buy | E9: share | F9: RUR | G9: 10 | H9: 172.29 | I9: -1722.9 | J9: 0 | K9: -0.86 | L9: 0 | M9: ==I9+J9+K9+L9 | O9: ВТБ ИИС
A10: 45128.565 | B10: RU000A0JX215 | C10: ХМАО-Югры об. 35001 | D10: buy | E10: bond | F10: RUR | G10: 2 | H10: 100.5 | I10: -201 | J10: -1.76 | K10: -0.12 | L10: 0 | M10: ==I10+J10+K10+L10 | O10: ВТБ ИИС
A11: 45128.566 | B11: RU000A0JX0Z8 | C11: Ямало-Ненецкий АО об 2016 | D11: buy | E11: bond | F11: RUR | G11: 1 | H11: 100.89 | I11: -50.45 | J11: -0.69 | K11: -0.05 | L11: 0 | M11: ==I11+J11+K11+L11 | O11: ВТБ ИИС
A12: 45139.021 | B12: input | C12: Зачисление денежных средств | D12: input | E12: input | F12: RUR | G12: 1 | H12: 1000 | I12: 1000 | J12: 0 | K12: 0 | L12: 0 | M12: ==I12+J12+K12+L12 | O12: ВТБ ИИС
A13: 45139.848 | B13: RUAL | C13: РУСАЛ ОК МКПАО ао | D13: buy | E13: share | F13: RUR | G13: 20 | H13: 43.955 | I13: -879.1 | J13: 0 | K13: -0.44 | L13: 0 | M13: ==I13+J13+K13+L13 | O13: ВТБ ИИС
... A1521: 46281.816 | B1521: commission | C1521: Комиссия Банка по исполнению расчетов на ФР (МБ и СПБ) за 16.09.2026 (ставка по тарифу 0,02%). | D1521: commission | E1521: commission | F1521: RUR | G1521: 1 | H1521: -3.96 | I1521: -3.96 | J1521: 0 | K1521: 0 | L1521: 0 | M1521: ==I1521+J1521+K1521+L1521 | O1521: Альфа брокер
L1522: Остаток: | M1522: ==SUM(M2:M1521)

Sheet Дивиденды
A1: Дата | B1: Портфель | C1: Тикер | D1: Название | E1: Кол. | F1: Валюта | G1: Дивиденд | H1: Цена отсечки | I1: Цена покупки | J1: Налог | K1: Сумма до налога | L1: Сумма после налога | M1: Доходность к цене отсечки | N1: Доходность к цене покупки
A2: 45461 | B2: ВТБ ИИС | C2: CHMF | D2: СевСт-ао | E2: 15 | F2: RUR | G2: 38.3 | H2: 1555.6 | I2: 1825.06 | J2: 75 | K2: 574.5 | L2: 499.5 | M2: 1.82 | N2: 2.14
A3: 45461 | B3: ВТБ ИИС | C3: CHMF | D3: СевСт-ао | E3: 15 | F3: RUR | G3: 191.51 | H3: 1555.6 | I3: 1825.06 | J3: 373 | K3: 2872.65 | L3: 2499.65 | M3: 9.13 | N3: 10.71
A4: 45484 | B4: ВТБ ИИС | C4: SBERP | D4: Сбербанк-п | E4: 100 | F4: RUR | G4: 33.3 | H4: 296 | I4: 323.68 | J4: 433 | K4: 3330 | L4: 2897 | M4: 8.95 | N4: 9.79
A5: 45544 | B5: ВТБ ИИС | C5: MDMG | D5: MDMG-ао | E5: 5 | F5: RUR | G5: 22 | H5: 840.2 | I5: 829.91 | J5: 14 | K5: 110 | L5: 96 | M5: 2.31 | N5: 2.29
A6: 45562 | B6: ВТБ ИИС | C6: RTKMP | D6: Ростел -ап | E6: 130 | F6: RUR | G6: 6.06 | H6: 70.75 | I6: 68.82 | J6: 102 | K6: 787.8 | L6: 685.8 | M6: 7.67 | N6: 7.46
A7: 45625 | B7: ВТБ ИИС | C7: MDMG | D7: MDMG-ао | E7: 83 | F7: RUR | G7: 20 | H7: 853.9 | I7: 910.43 | J7: 216 | K7: 1660 | L7: 1444 | M7: 1.91 | N7: 2.04
A8: 45796 | B8: ВТБ ИИС | C8: MDMG | D8: MDMG-ао | E8: 83 | F8: RUR | G8: 22 | H8: 974.8 | I8: 910.43 | J8: 237 | K8: 1826 | L8: 1589 | M8: 2.1 | N8: 1.96
A9: 45869 | B9: Т-инвестиции | C9: TPAY | D9: TPAY ETF | E9: 102 | F9: RUR | G9: 1.65 | H9: 99.91 | I9: 101.19 | J9: 22 | K9: 168.3 | L9: 146.3 | M9: 1.42 | N9: 1.44
A10: 45898 | B10: Сбер инвестиции | C10: FLOW | D10: FLOW ETF | E10: 5 | F10: RUR | G10: 9.33 | H10: 1012.4 | I10: 1024.11 | J10: 6 | K10: 46.65 | L10: 40.65 | M10: 0.79 | N10: 0.8
A11: 45930 | B11: Сбер инвестиции | C11: FLOW | D11: FLOW ETF | E11: 5 | F11: RUR | G11: 10.72 | H11: 1014.4 | I11: 1024.11 | J11: 7 | K11: 53.6 | L11: 46.6 | M11: 0.91 | N11: 0.92
A12: 45961 | B12: Сбер инвестиции | C12: FLOW | D12: FLOW ETF | E12: 5 | F12: RUR | G12: 10.25 | H12: 1016.9 | I12: 1024.11 | J12: 7 | K12: 51.25 | L12: 44.25 | M12: 0.86 | N12: 0.87
A13: 46013 | B13: ВТБ ИИС | C13: PLZL | D13: Полюс | E13: 1 | F13: RUR | G13: 36 | H13: 2286.8 | I13: 2298.84 | J13: 5 | K13: 36 | L13: 31 | M13: 1.35 | N13: 1.36
... A38: 46307 | B38: Альфа брокер | C38: GMKN | D38: ГМКНорНик | E38: 120 | F38: RUR | G38: 1.85 | H38: 129.42 | I38: 130.28 | J38: 29 | K38: 222 | L38: 193 | M38: 1.23 | N38: 1.24

Sheet Купоны
A1: Дата | B1: Портфель | C1: Тикер | D1: Название | E1: Номинал | F1: Кол. | G1: Купон | H1: Налог | I1: Сумма до налога | J1: Сумма после налога
A2: 45167 | B2: ВТБ ИИС | C2: RU000A0JX0Z8 | D2: ЯНАО-2016 | E2: 50 | F2: 1 | G2: 1.17 | H2: 0 | I2: 1.17 | J2: 1.17
A3: 45186 | B3: ВТБ ИИС | C3: RU000A0JX215 | D3: ХМАО 10 | E3: 100 | F3: 2 | G3: 2.28 | H3: 1 | I3: 4.56 | J3: 3.56
A4: 45265 | B4: ВТБ ИИС | C4: RU000A0JX0Z8 | D4: ЯНАО-2016 | E4: 50 | F4: 1 | G4: 1.26 | H4: 0 | I4: 1.26 | J4: 1.26
A5: 45277 | B5: ВТБ ИИС | C5: RU000A0JX215 | D5: ХМАО 10 | E5: 100 | F5: 2 | G5: 2.28 | H5: 1 | I5: 4.56 | J5: 3.56
A6: 45307 | B6: ВТБ ИИС | C6: SU26227RMFS7 | D6: ОФЗ 26227 | E6: 1000 | F6: 19 | G6: 36.9 | H6: 91 | I6: 701.1 | J6: 610.1
A7: 45349 | B7: ВТБ ИИС | C7: RU000A101QF7 | D7: РитйлБФ1P1 | E7: 750 | F7: 3 | G7: 17.67 | H7: 7 | I7: 53.01 | J7: 46.01
A8: 45865 | B8: Т-инвестиции | C8: RU000A10ATW2 | D8: БалтЛизП15 | E8: 1000 | F8: 2 | G8: 19.48 | H8: 5 | I8: 38.96 | J8: 33.96
A9: 45867 | B9: ВТБ ИИС | C9: SU26233RMFS5 | D9: ОФЗ 26233 | E9: 1000 | F9: 147 | G9: 30.42 | H9: 581 | I9: 4471.74 | J9: 3890.74
A10: 45875 | B10: Т-инвестиции | C10: RU000A10B9Q9 | D10: ГЛОРАКС1Р4 | E10: 1000 | F10: 1 | G10: 20.96 | H10: 3 | I10: 20.96 | J10: 17.96
A11: 45878 | B11: Т-инвестиции | C11: RU000A10B2J9 | D11: О'КЕЙ Б1Р7 | E11: 1000 | F11: 1 | G11: 20.55 | H11: 3 | I11: 20.55 | J11: 17.55
A12: 45880 | B12: Т-инвестиции | C12: RU000A10AV15 | D12: ВИС Ф БП07 | E12: 1000 | F12: 1 | G12: 20.75 | H12: 3 | I12: 20.75 | J12: 17.75
A13: 45880 | B13: Т-инвестиции | C13: RU000A104JQ3 | D13: СамолетP11 | E13: 1000 | F13: 1 | G13: 129.64 | H13: 17 | I13: 129.64 | J13: 112.64
... A230: 51271 | B230: ВТБ ИИС | C230: SU26248RMFS3 | D230: ОФЗ 26248 | E230: 1000 | F230: 9 | G230: 61.08 | H230: 71 | I230: 549.72 | J230: 478.72

Sheet Возраст
A1: Дата | B1: Портфель | C1: Тикер | D1: Название | E1: Кол. | F1: Y | G1: m | H1: d | I1: Всего дней | J1: Цена покупки с НКД и комиссией | K1: Цена сейчас с НКД | L1: Сумма при продаже | M1: Прибыль | N1: Налог при продаже | O1: Сегодня
A2: 46014 | B2: Сбер инвестиции | C2: SBER | D2: Сбербанк | E2: 1 | F2: ==DATEDIF(A2,$O$2,"y") | G2: ==DATEDIF(A2,$O$2,"ym") | H2: ==DATEDIF(A2,$O$2,"md") | I2: 269 | J2: 298.13 | K2: ==Портфель!G2*Портфель!$R$13 | L2: ==E2*K2 | M2: ==(K2-J2)*E2 | N2: ==MAX(0,M2*0.13) | O2: ==TODAY()
A3: 46076 | B3: Сбер инвестиции | C3: SBER | D3: Сбербанк | E3: 1 | F3: ==DATEDIF(A3,$O$2,"y") | G3: ==DATEDIF(A3,$O$2,"ym") | H3: ==DATEDIF(A3,$O$2,"md") | I3: 207 | J3: 314.22 | K3: ==Портфель!G2*Портфель!$R$13 | L3: ==E3*K3 | M3: ==(K3-J3)*E3 | N3: ==MAX(0,M3*0.13)
A4: 46076 | B4: Сбер инвестиции | C4: SBER | D4: Сбербанк | E4: 4 | F4: ==DATEDIF(A4,$O$2,"y") | G4: ==DATEDIF(A4,$O$2,"ym") | H4: ==DATEDIF(A4,$O$2,"md") | I4: 207 | J4: 314.21 | K4: ==Портфель!G2*Портфель!$R$13 | L4: ==E4*K4 | M4: ==(K4-J4)*E4 | N4: ==MAX(0,M4*0.13)
A5: 46081 | B5: Сбер инвестиции | C5: SBER | D5: Сбербанк | E5: 2 | F5: ==DATEDIF(A5,$O$2,"y") | G5: ==DATEDIF(A5,$O$2,"ym") | H5: ==DATEDIF(A5,$O$2,"md") | I5: 202 | J5: 314.36 | K5: ==Портфель!G2*Портфель!$R$13 | L5: ==E5*K5 | M5: ==(K5-J5)*E5 | N5: ==MAX(0,M5*0.13)
A6: 46081 | B6: Сбер инвестиции | C6: SBER | D6: Сбербанк | E6: 8 | F6: ==DATEDIF(A6,$O$2,"y") | G6: ==DATEDIF(A6,$O$2,"ym") | H6: ==DATEDIF(A6,$O$2,"md") | I6: 202 | J6: 314.35875 | K6: ==Портфель!G2*Портфель!$R$13 | L6: ==E6*K6 | M6: ==(K6-J6)*E6 | N6: ==MAX(0,M6*0.13)
A7: 46082 | B7: Сбер инвестиции | C7: SBER | D7: Сбербанк | E7: 7 | F7: ==DATEDIF(A7,$O$2,"y") | G7: ==DATEDIF(A7,$O$2,"ym") | H7: ==DATEDIF(A7,$O$2,"md") | I7: 201 | J7: 315.31857 | K7: ==Портфель!G2*Портфель!$R$13 | L7: ==E7*K7 | M7: ==(K7-J7)*E7 | N7: ==MAX(0,M7*0.13)
A8: 46094 | B8: Сбер инвестиции | C8: SBER | D8: Сбербанк | E8: 2 | F8: ==DATEDIF(A8,$O$2,"y") | G8: ==DATEDIF(A8,$O$2,"ym") | H8: ==DATEDIF(A8,$O$2,"md") | I8: 189 | J8: 317.785 | K8: ==Портфель!G2*Портфель!$R$13 | L8: ==E8*K8 | M8: ==(K8-J8)*E8 | N8: ==MAX(0,M8*0.13)
A9: 46121 | B9: Сбер инвестиции | C9: SBER | D9: Сбербанк | E9: 2 | F9: ==DATEDIF(A9,$O$2,"y") | G9: ==DATEDIF(A9,$O$2,"ym") | H9: ==DATEDIF(A9,$O$2,"md") | I9: 163 | J9: 320.2 | K9: ==Портфель!G2*Портфель!$R$13 | L9: ==E9*K9 | M9: ==(K9-J9)*E9 | N9: ==MAX(0,M9*0.13)
A10: 46122 | B10: Сбер инвестиции | C10: SBER | D10: Сбербанк | E10: 1 | F10: ==DATEDIF(A10,$O$2,"y") | G10: ==DATEDIF(A10,$O$2,"ym") | H10: ==DATEDIF(A10,$O$2,"md") | I10: 161 | J10: 318.81 | K10: ==Портфель!G2*Портфель!$R$13 | L10: ==E10*K10 | M10: ==(K10-J10)*E10 | N10: ==MAX(0,M10*0.13)
A11: 46146 | B11: Сбер инвестиции | C11: SBER | D11: Сбербанк | E11: 1 | F11: ==DATEDIF(A11,$O$2,"y") | G11: ==DATEDIF(A11,$O$2,"ym") | H11: ==DATEDIF(A11,$O$2,"md") | I11: 137 | J11: 320.37 | K11: ==Портфель!G2*Портфель!$R$13 | L11: ==E11*K11 | M11: ==(K11-J11)*E11 | N11: ==MAX(0,M11*0.13)
A12: 46150 | B12: Сбер инвестиции | C12: SBER | D12: Сбербанк | E12: 1 | F12: ==DATEDIF(A12,$O$2,"y") | G12: ==DATEDIF(A12,$O$2,"ym") | H12: ==DATEDIF(A12,$O$2,"md") | I12: 133 | J12: 321.76 | K12: ==Портфель!G2*Портфель!$R$13 | L12: ==E12*K12 | M12: ==(K12-J12)*E12 | N12: ==MAX(0,M12*0.13)
A13: 46150 | B13: Сбер инвестиции | C13: SBER | D13: Сбербанк | E13: 1 | F13: ==DATEDIF(A13,$O$2,"y") | G13: ==DATEDIF(A13,$O$2,"ym") | H13: ==DATEDIF(A13,$O$2,"md") | I13: 133 | J13: 321.5 | K13: ==Портфель!G2*Портфель!$R$13 | L13: ==E13*K13 | M13: ==(K13-J13)*E13 | N13: ==MAX(0,M13*0.13)
A14: 46154 | B14: Сбер инвестиции | C14: SBER | D14: Сбербанк | E14: 2 | F14: ==DATEDIF(A14,$O$2,"y") | G14: ==DATEDIF(A14,$O$2,"ym") | H14: ==DATEDIF(A14,$O$2,"md") | I14: 129 | J14: 326.13 | K14: ==Портфель!G2*Портфель!$R$13 | L14: ==E14*K14 | M14: ==(K14-J14)*E14 | N14: ==MAX(0,M14*0.13)
A15: 46174 | B15: Сбер инвестиции | C15: SBER | D15: Сбербанк | E15: 2 | F15: ==DATEDIF(A15,$O$2,"y") | G15: ==DATEDIF(A15,$O$2,"ym") | H15: ==DATEDIF(A15,$O$2,"md") | I15: 109 | J15: 322.645 | K15: ==Портфель!G2*Портфель!$R$13 | L15: ==E15*K15 | M15: ==(K15-J15)*E15 | N15: ==MAX(0,M15*0.13)
A16: 46223 | B16: Сбер инвестиции | C16: SBER | D16: Сбербанк | E16: 4 | F16: ==DATEDIF(A16,$O$2,"y") | G16: ==DATEDIF(A16,$O$2,"ym") | H16: ==DATEDIF(A16,$O$2,"md") | I16: 60 | J16: 256.5625 | K16: ==Портфель!G2*Портфель!$R$13 | L16: ==E16*K16 | M16: ==(K16-J16)*E16 | N16: ==MAX(0,M16*0.13)
A17: 46227 | B17: Сбер инвестиции | C17: SBER | D17: Сбербанк | E17: 1 | F17: ==DATEDIF(A17,$O$2,"y") | G17: ==DATEDIF(A17,$O$2,"ym") | H17: ==DATEDIF(A17,$O$2,"md") | I17: 56 | J17: 267.83 | K17: ==Портфель!G2*Портфель!$R$13 | L17: ==E17*K17 | M17: ==(K17-J17)*E17 | N17: ==MAX(0,M17*0.13)
A18: 46238 | B18: Сбер инвестиции | C18: SBER | D18: Сбербанк | E18: 4 | F18: ==DATEDIF(A18,$O$2,"y") | G18: ==DATEDIF(A18,$O$2,"ym") | H18: ==DATEDIF(A18,$O$2,"md") | I18: 45 | J18: 284.4 | K18: ==Портфель!G2*Портфель!$R$13 | L18: ==E18*K18 | M18: ==(K18-J18)*E18 | N18: ==MAX(0,M18*0.13)
A19: 46245 | B19: Сбер инвестиции | C19: SBER | D19: Сбербанк | E19: 1 | F19: ==DATEDIF(A19,$O$2,"y") | G19: ==DATEDIF(A19,$O$2,"ym") | H19: ==DATEDIF(A19,$O$2,"md") | I19: 38 | J19: 286.99 | K19: ==Портфель!G2*Портфель!$R$13 | L19: ==E19*K19 | M19: ==(K19-J19)*E19 | N19: ==MAX(0,M19*0.13)
A20: 46279 | B20: Сбер инвестиции | C20: SBER | D20: Сбербанк | E20: 16 | F20: ==DATEDIF(A20,$O$2,"y") | G20: ==DATEDIF(A20,$O$2,"ym") | H20: ==DATEDIF(A20,$O$2,"md") | I20: 4 | J20: 286.3575 | K20: ==Портфель!G2*Портфель!$R$13 | L20: ==E20*K20 | M20: ==(K20-J20)*E20 | N20: ==MAX(0,M20*0.13)
A21: 46279 | B21: Сбер инвестиции | C21: SBER | D21: Сбербанк | E21: 2 | F21: ==DATEDIF(A21,$O$2,"y") | G21: ==DATEDIF(A21,$O$2,"ym") | H21: ==DATEDIF(A21,$O$2,"md") | I21: 4 | J21: 288.135 | K21: ==Портфель!G2*Портфель!$R$13 | L21: ==E21*K21 | M21: ==(K21-J21)*E21 | N21: ==MAX(0,M21*0.13)
A22: 46129 | B22: Альфа брокер | C22: BTBR | D22: iВ2В-РТС | E22: 2 | F22: ==DATEDIF(A22,$O$2,"y") | G22: ==DATEDIF(A22,$O$2,"ym") | H22: ==DATEDIF(A22,$O$2,"md") | I22: 154 | J22: 118.06 | K22: ==Портфель!G3*Портфель!$R$13 | L22: ==E22*K22 | M22: ==(K22-J22)*E22 | N22: ==MAX(0,M22*0.13)
A23: 46129 | B23: Альфа брокер | C23: BTBR | D23: iВ2В-РТС | E23: 12 | F23: ==DATEDIF(A23,$O$2,"y") | G23: ==DATEDIF(A23,$O$2,"ym") | H23: ==DATEDIF(A23,$O$2,"md") | I23: 154 | J23: 120.38917 | K23: ==Портфель!G3*Портфель!$R$13 | L23: ==E23*K23 | M23: ==(K23-J23)*E23 | N23: ==MAX(0,M23*0.13)
A24: 46251 | B24: Альфа брокер | C24: BTBR | D24: iВ2В-РТС | E24: 1 | F24: ==DATEDIF(A24,$O$2,"y") | G24: ==DATEDIF(A24,$O$2,"ym") | H24: ==DATEDIF(A24,$O$2,"md") | I24: 32 | J24: 119.44 | K24: ==Портфель!G3*Портфель!$R$13 | L24: ==E24*K24 | M24: ==(K24-J24)*E24 | N24: ==MAX(0,M24*0.13)
A25: 46253 | B25: Альфа брокер | C25: BTBR | D25: iВ2В-РТС | E25: 38 | F25: ==DATEDIF(A25,$O$2,"y") | G25: ==DATEDIF(A25,$O$2,"ym") | H25: ==DATEDIF(A25,$O$2,"md") | I25: 30 | J25: 119.97868 | K25: ==Портфель!G3*Портфель!$R$13 | L25: ==E25*K25 | M25: ==(K25-J25)*E25 | N25: ==MAX(0,M25*0.13)
A26: 46253 | B26: Альфа брокер | C26: BTBR | D26: iВ2В-РТС | E26: 20 | F26: ==DATEDIF(A26,$O$2,"y") | G26: ==DATEDIF(A26,$O$2,"ym") | H26: ==DATEDIF(A26,$O$2,"md") | I26: 30 | J26: 119.979 | K26: ==Портфель!G3*Портфель!$R$13 | L26: ==E26*K26 | M26: ==(K26-J26)*E26 | N26: ==MAX(0,M26*0.13)
A27: 46253 | B27: Альфа брокер | C27: BTBR | D27: iВ2В-РТС | E27: 10 | F27: ==DATEDIF(A27,$O$2,"y") | G27: ==DATEDIF(A27,$O$2,"ym") | H27: ==DATEDIF(A27,$O$2,"md") | I27: 30 | J27: 119.979 | K27: ==Портфель!G3*Портфель!$R$13 | L27: ==E27*K27 | M27: ==(K27-J27)*E27 | N27: ==MAX(0,M27*0.13)
A28: 46253 | B28: Альфа брокер | C28: BTBR | D28: iВ2В-РТС | E28: 1 | F28: ==DATEDIF(A28,$O$2,"y") | G28: ==DATEDIF(A28,$O$2,"ym") | H28: ==DATEDIF(A28,$O$2,"md") | I28: 30 | J28: 119.98 | K28: ==Портфель!G3*Портфель!$R$13 | L28: ==E28*K28 | M28: ==(K28-J28)*E28 | N28: ==MAX(0,M28*0.13)
A29: 46253 | B29: Альфа брокер | C29: BTBR | D29: iВ2В-РТС | E29: 1 | F29: ==DATEDIF(A29,$O$2,"y") | G29: ==DATEDIF(A29,$O$2,"ym") | H29: ==DATEDIF(A29,$O$2,"md") | I29: 30 | J29: 119.98 | K29: ==Портфель!G3*Портфель!$R$13 | L29: ==E29*K29 | M29: ==(K29-J29)*E29 | N29: ==MAX(0,M29*0.13)
A30: 46253 | B30: Альфа брокер | C30: BTBR | D30: iВ2В-РТС | E30: 5 | F30: ==DATEDIF(A30,$O$2,"y") | G30: ==DATEDIF(A30,$O$2,"ym") | H30: ==DATEDIF(A30,$O$2,"md") | I30: 30 | J30: 119.978 | K30: ==Портфель!G3*Портфель!$R$13 | L30: ==E30*K30 | M30: ==(K30-J30)*E30 | N30: ==MAX(0,M30*0.13)
A31: 46253 | B31: Альфа брокер | C31: BTBR | D31: iВ2В-РТС | E31: 10 | F31: ==DATEDIF(A31,$O$2,"y") | G31: ==DATEDIF(A31,$O$2,"ym") | H31: ==DATEDIF(A31,$O$2,"md") | I31: 30 | J31: 119.979 | K31: ==Портфель!G3*Портфель!$R$13 | L31: ==E31*K31 | M31: ==(K31-J31)*E31 | N31: ==MAX(0,M31*0.13)
A32: 46253 | B32: Альфа брокер | C32: BTBR | D32: iВ2В-РТС | E32: 4 | F32: ==DATEDIF(A32,$O$2,"y") | G32: ==DATEDIF(A32,$O$2,"ym") | H32: ==DATEDIF(A32,$O$2,"md") | I32: 30 | J32: 119.98 | K32: ==Портфель!G3*Портфель!$R$13 | L32: ==E32*K32 | M32: ==(K32-J32)*E32 | N32: ==MAX(0,M32*0.13)
A33: 46253 | B33: Альфа брокер | C33: BTBR | D33: iВ2В-РТС | E33: 3 | F33: ==DATEDIF(A33,$O$2,"y") | G33: ==DATEDIF(A33,$O$2,"ym") | H33: ==DATEDIF(A33,$O$2,"md") | I33: 30 | J33: 119.98 | K33: ==Портфель!G3*Портфель!$R$13 | L33: ==E33*K33 | M33: ==(K33-J33)*E33 | N33: ==MAX(0,M33*0.13)
A34: 46253 | B34: Альфа брокер | C34: BTBR | D34: iВ2В-РТС | E34: 2 | F34: ==DATEDIF(A34,$O$2,"y") | G34: ==DATEDIF(A34,$O$2,"ym") | H34: ==DATEDIF(A34,$O$2,"md") | I34: 30 | J34: 119.98 | K34: ==Портфель!G3*Портфель!$R$13 | L34: ==E34*K34 | M34: ==(K34-J34)*E34 | N34: ==MAX(0,M34*0.13)
A35: 46253 | B35: Альфа брокер | C35: BTBR | D35: iВ2В-РТС | E35: 1 | F35: ==DATEDIF(A35,$O$2,"y") | G35: ==DATEDIF(A35,$O$2,"ym") | H35: ==DATEDIF(A35,$O$2,"md") | I35: 30 | J35: 119.98 | K35: ==Портфель!G3*Портфель!$R$13 | L35: ==E35*K35 | M35: ==(K35-J35)*E35 | N35: ==MAX(0,M35*0.13)
A36: 46253 | B36: Альфа брокер | C36: BTBR | D36: iВ2В-РТС | E36: 28 | F36: ==DATEDIF(A36,$O$2,"y") | G36: ==DATEDIF(A36,$O$2,"ym") | H36: ==DATEDIF(A36,$O$2,"md") | I36: 30 | J36: 119.97893 | K36: ==Портфель!G3*Портфель!$R$13 | L36: ==E36*K36 | M36: ==(K36-J36)*E36 | N36: ==MAX(0,M36*0.13)
A37: 46078 | B37: Альфа брокер | C37: RAGR | D37: Русагро | E37: 5 | F37: ==DATEDIF(A37,$O$2,"y") | G37: ==DATEDIF(A37,$O$2,"ym") | H37: ==DATEDIF(A37,$O$2,"md") | I37: 205 | J37: 120.71 | K37: ==Портфель!G4*Портфель!$R$13 | L37: ==E37*K37 | M37: ==(K37-J37)*E37 | N37: ==MAX(0,M37*0.13)
A38: 46080 | B38: Альфа брокер | C38: RAGR | D38: Русагро | E38: 28 | F38: ==DATEDIF(A38,$O$2,"y") | G38: ==DATEDIF(A38,$O$2,"ym") | H38: ==DATEDIF(A38,$O$2,"md") | I38: 203 | J38: 121.29036 | K38: ==Портфель!G4*Портфель!$R$13 | L38: ==E38*K38 | M38: ==(K38-J38)*E38 | N38: ==MAX(0,M38*0.13)
A39: 46090 | B39: Альфа брокер | C39: RAGR | D39: Русагро | E39: 1 | F39: ==DATEDIF(A39,$O$2,"y") | G39: ==DATEDIF(A39,$O$2,"ym") | H39: ==DATEDIF(A39,$O$2,"md") | I39: 194 | J39: 120.29 | K39: ==Портфель!G4*Портфель!$R$13 | L39: ==E39*K39 | M39: ==(K39-J39)*E39 | N39: ==MAX(0,M39*0.13)
A40: 46093 | B40: Альфа брокер | C40: RAGR | D40: Русагро | E40: 1 | F40: ==DATEDIF(A40,$O$2,"y") | G40: ==DATEDIF(A40,$O$2,"ym") | H40: ==DATEDIF(A40,$O$2,"md") | I40: 190 | J40: 115.76 | K40: ==Портфель!G4*Портфель!$R$13 | L40: ==E40*K40 | M40: ==(K40-J40)*E40 | N40: ==MAX(0,M40*0.13)
A41: 46104 | B41: Альфа брокер | C41: RAGR | D41: Русагро | E41: 1 | F41: ==DATEDIF(A41,$O$2,"y") | G41: ==DATEDIF(A41,$O$2,"ym") | H41: ==DATEDIF(A41,$O$2,"md") | I41: 179 | J41: 113.65 | K41: ==Портфель!G4*Портфель!$R$13 | L41: ==E41*K41 | M41: ==(K41-J41)*E41 | N41: ==MAX(0,M41*0.13)
A42: 46132 | B42: Альфа брокер | C42: RAGR | D42: Русагро | E42: 1 | F42: ==DATEDIF(A42,$O$2,"y") | G42: ==DATEDIF(A42,$O$2,"ym") | H42: ==DATEDIF(A42,$O$2,"md") | I42: 151 | J42: 112.74 | K42: ==Портфель!G4*Портфель!$R$13 | L42: ==E42*K42 | M42: ==(K42-J42)*E42 | N42: ==MAX(0,M42*0.13)
A43: 46143 | B43: Альфа брокер | C43: RAGR | D43: Русагро | E43: 1 | F43: ==DATEDIF(A43,$O$2,"y") | G43: ==DATEDIF(A43,$O$2,"ym") | H43: ==DATEDIF(A43,$O$2,"md") | I43: 140 | J43: 101.35 | K43: ==Портфель!G4*Портфель!$R$13 | L43: ==E43*K43 | M43: ==(K43-J43)*E43 | N43: ==MAX(0,M43*0.13)
A44: 46153 | B44: Альфа брокер | C44: RAGR | D44: Русагро | E44: 3 | F44: ==DATEDIF(A44,$O$2,"y") | G44: ==DATEDIF(A44,$O$2,"ym") | H44: ==DATEDIF(A44,$O$2,"md") | I44: 131 | J44: 107.31333 | K44: ==Портфель!G4*Портфель!$R$13 | L44: ==E44*K44 | M44: ==(K44-J44)*E44 | N44: ==MAX(0,M44*0.13)
A45: 46160 | B45: Альфа брокер | C45: RAGR | D45: Русагро | E45: 7 | F45: ==DATEDIF(A45,$O$2,"y") | G45: ==DATEDIF(A45,$O$2,"ym") | H45: ==DATEDIF(A45,$O$2,"md") | I45: 124 | J45: 108.37286 | K45: ==Портфель!G4*Портфель!$R$13 | L45: ==E45*K45 | M45: ==(K45-J45)*E45 | N45: ==MAX(0,M45*0.13)
A46: 46168 | B46: Альфа брокер | C46: RAGR | D46: Русагро | E46: 2 | F46: ==DATEDIF(A46,$O$2,"y") | G46: ==DATEDIF(A46,$O$2,"ym") | H46: ==DATEDIF(A46,$O$2,"md") | I46: 115 | J46: 98.69 | K46: ==Портфель!G4*Портфель!$R$13 | L46: ==E46*K46 | M46: ==(K46-J46)*E46 | N46: ==MAX(0,M46*0.13)
A47: 46168 | B47: Альфа брокер | C47: RAGR | D47: Русагро | E47: 2 | F47: ==DATEDIF(A47,$O$2,"y") | G47: ==DATEDIF(A47,$O$2,"ym") | H47: ==DATEDIF(A47,$O$2,"md") | I47: 115 | J47: 98.81 | K47: ==Портфель!G4*Портфель!$R$13 | L47: ==E47*K47 | M47: ==(K47-J47)*E47 | N47: ==MAX(0,M47*0.13)
A48: 46181 | B48: Альфа брокер | C48: RAGR | D48: Русагро | E48: 1 | F48: ==DATEDIF(A48,$O$2,"y") | G48: ==DATEDIF(A48,$O$2,"ym") | H48: ==DATEDIF(A48,$O$2,"md") | I48: 102 | J48: 102.17 | K48: ==Портфель!G4*Портфель!$R$13 | L48: ==E48*K48 | M48: ==(K48-J48)*E48 | N48: ==MAX(0,M48*0.13)
A49: 46197 | B49: Альфа брокер | C49: RAGR | D49: Русагро | E49: 1 | F49: ==DATEDIF(A49,$O$2,"y") | G49: ==DATEDIF(A49,$O$2,"ym") | H49: ==DATEDIF(A49,$O$2,"md") | I49: 86 | J49: 84.24 | K49: ==Портфель!G4*Портфель!$R$13 | L49: ==E49*K49 | M49: ==(K49-J49)*E49 | N49: ==MAX(0,M49*0.13)
A50: 46197 | B50: Альфа брокер | C50: RAGR | D50: Русагро | E50: 2 | F50: ==DATEDIF(A50,$O$2,"y") | G50: ==DATEDIF(A50,$O$2,"ym") | H50: ==DATEDIF(A50,$O$2,"md") | I50: 86 | J50: 84.24 | K50: ==Портфель!G4*Портфель!$R$13 | L50: ==E50*K50 | M50: ==(K50-J50)*E50 | N50: ==MAX(0,M50*0.13)
A51: 46198 | B51: Альфа брокер | C51: RAGR | D51: Русагро | E51: 1 | F51: ==DATEDIF(A51,$O$2,"y") | G51: ==DATEDIF(A51,$O$2,"ym") | H51: ==DATEDIF(A51,$O$2,"md") | I51: 85 | J51: 78.58 | K51: ==Портфель!G4*Портфель!$R$13 | L51: ==E51*K51 | M51: ==(K51-J51)*E51 | N51: ==MAX(0,M51*0.13)
A52: 46209 | B52: Альфа брокер | C52: RAGR | D52: Русагро | E52: 2 | F52: ==DATEDIF(A52,$O$2,"y") | G52: ==DATEDIF(A52,$O$2,"ym") | H52: ==DATEDIF(A52,$O$2,"md") | I52: 74 | J52: 77.74 | K52: ==Портфель!G4*Портфель!$R$13 | L52: ==E52*K52 | M52: ==(K52-J52)*E52 | N52: ==MAX(0,M52*0.13)
A53: 46213 | B53: Альфа брокер | C53: RAGR | D53: Русагро | E53: 2 | F53: ==DATEDIF(A53,$O$2,"y") | G53: ==DATEDIF(A53,$O$2,"ym") | H53: ==DATEDIF(A53,$O$2,"md") | I53: 70 | J53: 75.155 | K53: ==Портфель!G4*Портфель!$R$13 | L53: ==E53*K53 | M53: ==(K53-J53)*E53 | N53: ==MAX(0,M53*0.13)
A54: 46213 | B54: Альфа брокер | C54: RAGR | D54: Русагро | E54: 10 | F54: ==DATEDIF(A54,$O$2,"y") | G54: ==DATEDIF(A54,$O$2,"ym") | H54: ==DATEDIF(A54,$O$2,"md") | I54: 70 | J54: 75.157 | K54: ==Портфель!G4*Портфель!$R$13 | L54: ==E54*K54 | M54: ==(K54-J54)*E54 | N54: ==MAX(0,M54*0.13)
A55: 46213 | B55: Альфа брокер | C55: RAGR | D55: Русагро | E55: 2 | F55: ==DATEDIF(A55,$O$2,"y") | G55: ==DATEDIF(A55,$O$2,"ym") | H55: ==DATEDIF(A55,$O$2,"md") | I55: 70 | J55: 75.155 | K55: ==Портфель!G4*Портфель!$R$13 | L55: ==E55*K55 | M55: ==(K55-J55)*E55 | N55: ==MAX(0,M55*0.13)
A56: 46219 | B56: Альфа брокер | C56: RAGR | D56: Русагро | E56: 1 | F56: ==DATEDIF(A56,$O$2,"y") | G56: ==DATEDIF(A56,$O$2,"ym") | H56: ==DATEDIF(A56,$O$2,"md") | I56: 64 | J56: 62.71 | K56: ==Портфель!G4*Портфель!$R$13 | L56: ==E56*K56 | M56: ==(K56-J56)*E56 | N56: ==MAX(0,M56*0.13)
A57: 46223 | B57: Альфа брокер | C57: RAGR | D57: Русагро | E57: 2 | F57: ==DATEDIF(A57,$O$2,"y") | G57: ==DATEDIF(A57,$O$2,"ym") | H57: ==DATEDIF(A57,$O$2,"md") | I57: 60 | J57: 58.85 | K57: ==Портфель!G4*Портфель!$R$13 | L57: ==E57*K57 | M57: ==(K57-J57)*E57 | N57: ==MAX(0,M57*0.13)
A58: 46223 | B58: Альфа брокер | C58: RAGR | D58: Русагро | E58: 2 | F58: ==DATEDIF(A58,$O$2,"y") | G58: ==DATEDIF(A58,$O$2,"ym") | H58: ==DATEDIF(A58,$O$2,"md") | I58: 60 | J58: 58.51 | K58: ==Портфель!G4*Портфель!$R$13 | L58: ==E58*K58 | M58: ==(K58-J58)*E58 | N58: ==MAX(0,M58*0.13)
A59: 46225 | B59: Альфа брокер | C59: RAGR | D59: Русагро | E59: 21 | F59: ==DATEDIF(A59,$O$2,"y") | G59: ==DATEDIF(A59,$O$2,"ym") | H59: ==DATEDIF(A59,$O$2,"md") | I59: 58 | J59: 71.414762 | K59: ==Портфель!G4*Портфель!$R$13 | L59: ==E59*K59 | M59: ==(K59-J59)*E59 | N59: ==MAX(0,M59*0.13)
A60: 46227 | B60: Альфа брокер | C60: RAGR | D60: Русагро | E60: 4 | F60: ==DATEDIF(A60,$O$2,"y") | G60: ==DATEDIF(A60,$O$2,"ym") | H60: ==DATEDIF(A60,$O$2,"md") | I60: 56 | J60: 74.9175 | K60: ==Портфель!G4*Портфель!$R$13 | L60: ==E60*K60 | M60: ==(K60-J60)*E60 | N60: ==MAX(0,M60*0.13)
A61: 46227 | B61: Альфа брокер | C61: RAGR | D61: Русагро | E61: 2 | F61: ==DATEDIF(A61,$O$2,"y") | G61: ==DATEDIF(A61,$O$2,"ym") | H61: ==DATEDIF(A61,$O$2,"md") | I61: 56 | J61: 75.235 | K61: ==Портфель!G4*Портфель!$R$13 | L61: ==E61*K61 | M61: ==(K61-J61)*E61 | N61: ==MAX(0,M61*0.13)
A62: 46244 | B62: Альфа брокер | C62: RAGR | D62: Русагро | E62: 1 | F62: ==DATEDIF(A62,$O$2,"y") | G62: ==DATEDIF(A62,$O$2,"ym") | H62: ==DATEDIF(A62,$O$2,"md") | I62: 39 | J62: 91.91 | K62: ==Портфель!G4*Портфель!$R$13 | L62: ==E62*K62 | M62: ==(K62-J62)*E62 | N62: ==MAX(0,M62*0.13)
A63: 46244 | B63: Альфа брокер | C63: RAGR | D63: Русагро | E63: 1 | F63: ==DATEDIF(A63,$O$2,"y") | G63: ==DATEDIF(A63,$O$2,"ym") | H63: ==DATEDIF(A63,$O$2,"md") | I63: 39 | J63: 91.5 | K63: ==Портфель!G4*Портфель!$R$13 | L63: ==E63*K63 | M63: ==(K63-J63)*E63 | N63: ==MAX(0,M63*0.13)
A64: 46251 | B64: Альфа брокер | C64: RAGR | D64: Русагро | E64: 3 | F64: ==DATEDIF(A64,$O$2,"y") | G64: ==DATEDIF(A64,$O$2,"ym") | H64: ==DATEDIF(A64,$O$2,"md") | I64: 32 | J64: 77.476667 | K64: ==Портфель!G4*Портфель!$R$13 | L64: ==E64*K64 | M64: ==(K64-J64)*E64 | N64: ==MAX(0,M64*0.13)
A65: 46251 | B65: Альфа брокер | C65: RAGR | D65: Русагро | E65: 12 | F65: ==DATEDIF(A65,$O$2,"y") | G65: ==DATEDIF(A65,$O$2,"ym") | H65: ==DATEDIF(A65,$O$2,"md") | I65: 32 | J65: 77.498333 | K65: ==Портфель!G4*Портфель!$R$13 | L65: ==E65*K65 | M65: ==(K65-J65)*E65 | N65: ==MAX(0,M65*0.13)
A66: 46253 | B66: Альфа брокер | C66: RAGR | D66: Русагро | E66: 82 | F66: ==DATEDIF(A66,$O$2,"y") | G66: ==DATEDIF(A66,$O$2,"ym") | H66: ==DATEDIF(A66,$O$2,"md") | I66: 30 | J66: 81.499878 | K66: ==Портфель!G4*Портфель!$R$13 | L66: ==E66*K66 | M66: ==(K66-J66)*E66 | N66: ==MAX(0,M66*0.13)
A67: 46254 | B67: Альфа брокер | C67: RAGR | D67: Русагро | E67: 4 | F67: ==DATEDIF(A67,$O$2,"y") | G67: ==DATEDIF(A67,$O$2,"ym") | H67: ==DATEDIF(A67,$O$2,"md") | I67: 29 | J67: 78.0775 | K67: ==Портфель!G4*Портфель!$R$13 | L67: ==E67*K67 | M67: ==(K67-J67)*E67 | N67: ==MAX(0,M67*0.13)
A68: 46259 | B68: Альфа брокер | C68: RAGR | D68: Русагро | E68: 6 | F68: ==DATEDIF(A68,$O$2,"y") | G68: ==DATEDIF(A68,$O$2,"ym") | H68: ==DATEDIF(A68,$O$2,"md") | I68: 24 | J68: 76.718333 | K68: ==Портфель!G4*Портфель!$R$13 | L68: ==E68*K68 | M68: ==(K68-J68)*E68 | N68: ==MAX(0,M68*0.13)
A69: 46269 | B69: Альфа брокер | C69: RAGR | D69: Русагро | E69: 12 | F69: ==DATEDIF(A69,$O$2,"y") | G69: ==DATEDIF(A69,$O$2,"ym") | H69: ==DATEDIF(A69,$O$2,"md") | I69: 14 | J69: 70.014167 | K69: ==Портфель!G4*Портфель!$R$13 | L69: ==E69*K69 | M69: ==(K69-J69)*E69 | N69: ==MAX(0,M69*0.13)
A70: 46269 | B70: Альфа брокер | C70: RAGR | D70: Русагро | E70: 13 | F70: ==DATEDIF(A70,$O$2,"y") | G70: ==DATEDIF(A70,$O$2,"ym") | H70: ==DATEDIF(A70,$O$2,"md") | I70: 14 | J70: 70.214615 | K70: ==Портфель!G4*Портфель!$R$13 | L70: ==E70*K70 | M70: ==(K70-J70)*E70 | N70: ==MAX(0,M70*0.13)
A71: 46269 | B71: Альфа брокер | C71: RAGR | D71: Русагро | E71: 2 | F71: ==DATEDIF(A71,$O$2,"y") | G71: ==DATEDIF(A71,$O$2,"ym") | H71: ==DATEDIF(A71,$O$2,"md") | I71: 14 | J71: 70.575 | K71: ==Портфель!G4*Портфель!$R$13 | L71: ==E71*K71 | M71: ==(K71-J71)*E71 | N71: ==MAX(0,M71*0.13)
A72: 46273 | B72: Альфа брокер | C72: RAGR | D72: Русагро | E72: 3 | F72: ==DATEDIF(A72,$O$2,"y") | G72: ==DATEDIF(A72,$O$2,"ym") | H72: ==DATEDIF(A72,$O$2,"md") | I72: 10 | J72: 70.153333 | K72: ==Портфель!G4*Портфель!$R$13 | L72: ==E72*K72 | M72: ==(K72-J72)*E72 | N72: ==MAX(0,M72*0.13)
A73: 46080 | B73: Альфа брокер | C73: MOEX | D73: МосБиржа | E73: 20 | F73: ==DATEDIF(A73,$O$2,"y") | G73: ==DATEDIF(A73,$O$2,"ym") | H73: ==DATEDIF(A73,$O$2,"md") | I73: 203 | J73: 184.3715 | K73: ==Портфель!G5*Портфель!$R$13 | L73: ==E73*K73 | M73: ==(K73-J73)*E73 | N73: ==MAX(0,M73*0.13)
A74: 46253 | B74: Альфа брокер | C74: MOEX | D74: МосБиржа | E74: 10 | F74: ==DATEDIF(A74,$O$2,"y") | G74: ==DATEDIF(A74,$O$2,"ym") | H74: ==DATEDIF(A74,$O$2,"md") | I74: 30 | J74: 153.285 | K74: ==Портфель!G5*Портфель!$R$13 | L74: ==E74*K74 | M74: ==(K74-J74)*E74 | N74: ==MAX(0,M74*0.13)
A75: 46280 | B75: Альфа брокер | C75: MOEX | D75: МосБиржа | E75: 30 | F75: ==DATEDIF(A75,$O$2,"y") | G75: ==DATEDIF(A75,$O$2,"ym") | H75: ==DATEDIF(A75,$O$2,"md") | I75: 3 | J75: 152.54467 | K75: ==Портфель!G5*Портфель!$R$13 | L75: ==E75*K75 | M75: ==(K75-J75)*E75 | N75: ==MAX(0,M75*0.13)
A76: 46280 | B76: Альфа брокер | C76: MOEX | D76: МосБиржа | E76: 50 | F76: ==DATEDIF(A76,$O$2,"y") | G76: ==DATEDIF(A76,$O$2,"ym") | H76: ==DATEDIF(A76,$O$2,"md") | I76: 3 | J76: 152.5248 | K76: ==Портфель!G5*Портфель!$R$13 | L76: ==E76*K76 | M76: ==(K76-J76)*E76 | N76: ==MAX(0,M76*0.13)
A77: 46174 | B77: Альфа брокер | C77: X5 | D77: КЦ ИКС 5 | E77: 1 | F77: ==DATEDIF(A77,$O$2,"y") | G77: ==DATEDIF(A77,$O$2,"ym") | H77: ==DATEDIF(A77,$O$2,"md") | I77: 109 | J77: 2458.7 | K77: ==Портфель!G6*Портфель!$R$13 | L77: ==E77*K77 | M77: ==(K77-J77)*E77 | N77: ==MAX(0,M77*0.13)
A78: 46253 | B78: Альфа брокер | C78: X5 | D78: КЦ ИКС 5 | E78: 1 | F78: ==DATEDIF(A78,$O$2,"y") | G78: ==DATEDIF(A78,$O$2,"ym") | H78: ==DATEDIF(A78,$O$2,"md") | I78: 30 | J78: 1974.97 | K78: ==Портфель!G6*Портфель!$R$13 | L78: ==E78*K78 | M78: ==(K78-J78)*E78 | N78: ==MAX(0,M78*0.13)
A79: 46273 | B79: Альфа брокер | C79: X5 | D79: КЦ ИКС 5 | E79: 3 | F79: ==DATEDIF(A79,$O$2,"y") | G79: ==DATEDIF(A79,$O$2,"ym") | H79: ==DATEDIF(A79,$O$2,"md") | I79: 10 | J79: 1805.8833 | K79: ==Портфель!G6*Портфель!$R$13 | L79: ==E79*K79 | M79: ==(K79-J79)*E79 | N79: ==MAX(0,M79*0.13)
A80: 46280 | B80: Альфа брокер | C80: X5 | D80: КЦ ИКС 5 | E80: 4 | F80: ==DATEDIF(A80,$O$2,"y") | G80: ==DATEDIF(A80,$O$2,"ym") | H80: ==DATEDIF(A80,$O$2,"md") | I80: 3 | J80: 1842.9025 | K80: ==Портфель!G6*Портфель!$R$13 | L80: ==E80*K80 | M80: ==(K80-J80)*E80 | N80: ==MAX(0,M80*0.13)
A81: 46279 | B81: Альфа брокер | C81: GMKN | D81: ГМКНорНик | E81: 120 | F81: ==DATEDIF(A81,$O$2,"y") | G81: ==DATEDIF(A81,$O$2,"ym") | H81: ==DATEDIF(A81,$O$2,"md") | I81: 4 | J81: 130.28383 | K81: ==Портфель!G7*Портфель!$R$13 | L81: ==E81*K81 | M81: ==(K81-J81)*E81 | N81: ==MAX(0,M81*0.13)
A82: 46232 | B82: Альфа брокер | C82: YDEX | D82: ЯНДЕКС | E82: 1 | F82: ==DATEDIF(A82,$O$2,"y") | G82: ==DATEDIF(A82,$O$2,"ym") | H82: ==DATEDIF(A82,$O$2,"md") | I82: 51 | J82: 3990.45 | K82: ==Портфель!G8*Портфель!$R$13 | L82: ==E82*K82 | M82: ==(K82-J82)*E82 | N82: ==MAX(0,M82*0.13)
A83: 46251 | B83: Альфа брокер | C83: YDEX | D83: ЯНДЕКС | E83: 1 | F83: ==DATEDIF(A83,$O$2,"y") | G83: ==DATEDIF(A83,$O$2,"ym") | H83: ==DATEDIF(A83,$O$2,"md") | I83: 32 | J83: 3627.78 | K83: ==Портфель!G8*Портфель!$R$13 | L83: ==E83*K83 | M83: ==(K83-J83)*E83 | N83: ==MAX(0,M83*0.13)
A84: 46253 | B84: Альфа брокер | C84: YDEX | D84: ЯНДЕКС | E84: 2 | F84: ==DATEDIF(A84,$O$2,"y") | G84: ==DATEDIF(A84,$O$2,"ym") | H84: ==DATEDIF(A84,$O$2,"md") | I84: 30 | J84: 3728.325 | K84: ==Портфель!G8*Портфель!$R$13 | L84: ==E84*K84 | M84: ==(K84-J84)*E84 | N84: ==MAX(0,M84*0.13)
A85: 46129 | B85: Т-инвестиции | C85: T | D85: Т-Техно ао | E85: 3 | F85: ==DATEDIF(A85,$O$2,"y") | G85: ==DATEDIF(A85,$O$2,"ym") | H85: ==DATEDIF(A85,$O$2,"md") | I85: 154 | J85: 326.1 | K85: ==Портфель!G9*Портфель!$R$13 | L85: ==E85*K85 | M85: ==(K85-J85)*E85 | N85: ==MAX(0,M85*0.13)
A86: 46129 | B86: Т-инвестиции | C86: T | D86: Т-Техно ао | E86: 1 | F86: ==DATEDIF(A86,$O$2,"y") | G86: ==DATEDIF(A86,$O$2,"ym") | H86: ==DATEDIF(A86,$O$2,"md") | I86: 154 | J86: 326.4 | K86: ==Портфель!G9*Портфель!$R$13 | L86: ==E86*K86 | M86: ==(K86-J86)*E86 | N86: ==MAX(0,M86*0.13)
A87: 46147 | B87: Т-инвестиции | C87: T | D87: Т-Техно ао | E87: 2 | F87: ==DATEDIF(A87,$O$2,"y") | G87: ==DATEDIF(A87,$O$2,"ym") | H87: ==DATEDIF(A87,$O$2,"md") | I87: 136 | J87: 309.1 | K87: ==Портфель!G9*Портфель!$R$13 | L87: ==E87*K87 | M87: ==(K87-J87)*E87 | N87: ==MAX(0,M87*0.13)
A88: 46147 | B88: Т-инвестиции | C88: T | D88: Т-Техно ао | E88: 1 | F88: ==DATEDIF(A88,$O$2,"y") | G88: ==DATEDIF(A88,$O$2,"ym") | H88: ==DATEDIF(A88,$O$2,"md") | I88: 136 | J88: 309.38 | K88: ==Портфель!G9*Портфель!$R$13 | L88: ==E88*K88 | M88: ==(K88-J88)*E88 | N88: ==MAX(0,M88*0.13)
A89: 46178 | B89: Т-инвестиции | C89: T | D89: Т-Техно ао | E89: 3 | F89: ==DATEDIF(A89,$O$2,"y") | G89: ==DATEDIF(A89,$O$2,"ym") | H89: ==DATEDIF(A89,$O$2,"md") | I89: 105 | J89: 299.76 | K89: ==Портфель!G9*Портфель!$R$13 | L89: ==E89*K89 | M89: ==(K89-J89)*E89 | N89: ==MAX(0,M89*0.13)
A90: 46209 | B90: Т-инвестиции | C90: T | D90: Т-Техно ао | E90: 15 | F90: ==DATEDIF(A90,$O$2,"y") | G90: ==DATEDIF(A90,$O$2,"ym") | H90: ==DATEDIF(A90,$O$2,"md") | I90: 74 | J90: 253.72 | K90: ==Портфель!G9*Портфель!$R$13 | L90: ==E90*K90 | M90: ==(K90-J90)*E90 | N90: ==MAX(0,M90*0.13)
A91: 46209 | B91: Т-инвестиции | C91: T | D91: Т-Техно ао | E91: 1 | F91: ==DATEDIF(A91,$O$2,"y") | G91: ==DATEDIF(A91,$O$2,"ym") | H91: ==DATEDIF(A91,$O$2,"md") | I91: 74 | J91: 253.58 | K91: ==Портфель!G9*Портфель!$R$13 | L91: ==E91*K91 | M91: ==(K91-J91)*E91 | N91: ==MAX(0,M91*0.13)
A92: 46212 | B92: Т-инвестиции | C92: T | D92: Т-Техно ао | E92: 1 | F92: ==DATEDIF(A92,$O$2,"y") | G92: ==DATEDIF(A92,$O$2,"ym") | H92: ==DATEDIF(A92,$O$2,"md") | I92: 72 | J92: 254.98 | K92: ==Портфель!G9*Портфель!$R$13 | L92: ==E92*K92 | M92: ==(K92-J92)*E92 | N92: ==MAX(0,M92*0.13)
A93: 46219 | B93: Т-инвестиции | C93: T | D93: Т-Техно ао | E93: 1 | F93: ==DATEDIF(A93,$O$2,"y") | G93: ==DATEDIF(A93,$O$2,"ym") | H93: ==DATEDIF(A93,$O$2,"md") | I93: 64 | J93: 240.92 | K93: ==Портфель!G9*Портфель!$R$13 | L93: ==E93*K93 | M93: ==(K93-J93)*E93 | N93: ==MAX(0,M93*0.13)
A94: 46239 | B94: Т-инвестиции | C94: T | D94: Т-Техно ао | E94: 2 | F94: ==DATEDIF(A94,$O$2,"y") | G94: ==DATEDIF(A94,$O$2,"ym") | H94: ==DATEDIF(A94,$O$2,"md") | I94: 44 | J94: 274.36 | K94: ==Портфель!G9*Портфель!$R$13 | L94: ==E94*K94 | M94: ==(K94-J94)*E94 | N94: ==MAX(0,M94*0.13)
A95: 46239 | B95: Т-инвестиции | C95: T | D95: Т-Техно ао | E95: 1 | F95: ==DATEDIF(A95,$O$2,"y") | G95: ==DATEDIF(A95,$O$2,"ym") | H95: ==DATEDIF(A95,$O$2,"md") | I95: 44 | J95: 274.38 | K95: ==Портфель!G9*Портфель!$R$13 | L95: ==E95*K95 | M95: ==(K95-J95)*E95 | N95: ==MAX(0,M95*0.13)
A96: 46247 | B96: Т-инвестиции | C96: T | D96: Т-Техно ао | E96: 2 | F96: ==DATEDIF(A96,$O$2,"y") | G96: ==DATEDIF(A96,$O$2,"ym") | H96: ==DATEDIF(A96,$O$2,"md") | I96: 36 | J96: 276.34 | K96: ==Портфель!G9*Портфель!$R$13 | L96: ==E96*K96 | M96: ==(K96-J96)*E96 | N96: ==MAX(0,M96*0.13)
A97: 46251 | B97: Т-инвестиции | C97: T | D97: Т-Техно ао | E97: 1 | F97: ==DATEDIF(A97,$O$2,"y") | G97: ==DATEDIF(A97,$O$2,"ym") | H97: ==DATEDIF(A97,$O$2,"md") | I97: 32 | J97: 252.86 | K97: ==Портфель!G9*Портфель!$R$13 | L97: ==E97*K97 | M97: ==(K97-J97)*E97 | N97: ==MAX(0,M97*0.13)
A98: 46269 | B98: Т-инвестиции | C98: T | D98: Т-Техно ао | E98: 3 | F98: ==DATEDIF(A98,$O$2,"y") | G98: ==DATEDIF(A98,$O$2,"ym") | H98: ==DATEDIF(A98,$O$2,"md") | I98: 14 | J98: 263.56 | K98: ==Портфель!G9*Портфель!$R$13 | L98: ==E98*K98 | M98: ==(K98-J98)*E98 | N98: ==MAX(0,M98*0.13)
A99: 46269 | B99: Т-инвестиции | C99: T | D99: Т-Техно ао | E99: 1 | F99: ==DATEDIF(A99,$O$2,"y") | G99: ==DATEDIF(A99,$O$2,"ym") | H99: ==DATEDIF(A99,$O$2,"md") | I99: 14 | J99: 263.46 | K99: ==Портфель!G9*Портфель!$R$13 | L99: ==E99*K99 | M99: ==(K99-J99)*E99 | N99: ==MAX(0,M99*0.13)
A100: 46083 | B100: Альфа брокер | C100: SNGSP | D100: Сургнфгз-п | E100: 10 | F100: ==DATEDIF(A100,$O$2,"y") | G100: ==DATEDIF(A100,$O$2,"ym") | H100: ==DATEDIF(A100,$O$2,"md") | I100: 200 | J100: 46.70675 | K100: ==Портфель!G10*Портфель!$R$13 | L100: ==E100*K100 | M100: ==(K100-J100)*E100 | N100: ==MAX(0,M100*0.13)
...

Sheet FIFO
A1: Тикер | B1: Название | C1: Покупка | D1: Продажа | E1: Цена покупки | F1: Цена продажи | G1: Кол. | H1: Результат | I1: Доходность сделки | J1: Срок | K1: Доходность годовых
A2: GAZP | B2: ГАЗПРОМ ао | C2: 45096 | D2: 45210 | E2: 170.886 | F2: 167.6455 | G2: 10 | H2: ==(F2-E2)*G2 | I2: ==(F2-E2)/E2 | J2: ==MAX(1,DATEDIF(C2,D2,"d")-1) | K2: ==I2*365/J2
A3: GAZP | B3: ГАЗПРОМ ао | C3: 45127 | D3: 45210 | E3: 172.376 | F3: 167.6455 | G3: 10 | H3: ==(F3-E3)*G3 | I3: ==(F3-E3)/E3 | J3: ==MAX(1,DATEDIF(C3,D3,"d")-1) | K3: ==I3*365/J3
A4: GAZP | B4: ГАЗПРОМ ао | C4: 45211 | D4: 45211 | E4: 169.0852 | F4: 168.9855 | G4: 110 | H4: ==(F4-E4)*G4 | I4: ==(F4-E4)/E4 | J4: ==MAX(1,DATEDIF(C4,D4,"d")-1) | K4: ==I4*365/J4
A5: GAZP | B5: ГАЗПРОМ ао | C5: 45266 | D5: 45383 | E5: 160.568 | F5: 157.921 | G5: 20 | H5: ==(F5-E5)*G5 | I5: ==(F5-E5)/E5 | J5: ==MAX(1,DATEDIF(C5,D5,"d")-1) | K5: ==I5*365/J5
A6: GAZP | B6: ГАЗПРОМ ао | C6: 45266 | D6: 45383 | E6: 158.857 | F6: 157.921 | G6: 20 | H6: ==(F6-E6)*G6 | I6: ==(F6-E6)/E6 | J6: ==MAX(1,DATEDIF(C6,D6,"d")-1) | K6: ==I6*365/J6
A7: GAZP | B7: ГАЗПРОМ ао | C7: 45288 | D7: 45383 | E7: 159.4675 | F7: 157.921 | G7: 20 | H7: ==(F7-E7)*G7 | I7: ==(F7-E7)/E7 | J7: ==MAX(1,DATEDIF(C7,D7,"d")-1) | K7: ==I7*365/J7
A8: GAZP | B8: ГАЗПРОМ ао | C8: 45372 | D8: 45383 | E8: 158.7468 | F8: 157.921 | G8: 50 | H8: ==(F8-E8)*G8 | I8: ==(F8-E8)/E8 | J8: ==MAX(1,DATEDIF(C8,D8,"d")-1) | K8: ==I8*365/J8
A9: GAZP | B9: ГАЗПРОМ ао | C9: 45372 | D9: 45383 | E9: 158.7468 | F9: 157.921 | G9: 10 | H9: ==(F9-E9)*G9 | I9: ==(F9-E9)/E9 | J9: ==MAX(1,DATEDIF(C9,D9,"d")-1) | K9: ==I9*365/J9
A10: GAZP | B10: ГАЗПРОМ ао | C10: 45372 | D10: 45383 | E10: 158.309 | F10: 157.921 | G10: 10 | H10: ==(F10-E10)*G10 | I10: ==(F10-E10)/E10 | J10: ==MAX(1,DATEDIF(C10,D10,"d")-1) | K10: ==I10*365/J10
A11: GAZP | B11: ГАЗПРОМ ао | C11: 46009 | D11: 46010 | E11: 129.0331 | F11: 129.706 | G11: 10 | H11: ==(F11-E11)*G11 | I11: ==(F11-E11)/E11 | J11: ==MAX(1,DATEDIF(C11,D11,"d")-1) | K11: ==I11*365/J11
A12: GAZP | B12: ГАЗПРОМ ао | C12: 46009 | D12: 46038 | E12: 129.0331 | F12: 122.552 | G12: 10 | H12: ==(F12-E12)*G12 | I12: ==(F12-E12)/E12 | J12: ==MAX(1,DATEDIF(C12,D12,"d")-1) | K12: ==I12*365/J12
A13: GAZP | B13: ГАЗПРОМ ао | C13: 46009 | D13: 46114 | E13: 129.0331 | F13: 133.853 | G13: 10 | H13: ==(F13-E13)*G13 | I13: ==(F13-E13)/E13 | J13: ==MAX(1,DATEDIF(C13,D13,"d")-1) | K13: ==I13*365/J13
... A791: AKMB | B791: ETF AKMB | C791: 45992 | D791: 46174 | E791: 1.835 | F791: 1.9852 | G791: 2 | H791: ==(F791-E791)*G791 | I791: ==(F791-E791)/E791 | J791: ==MAX(1,DATEDIF(C791,D791,"d")-1) | K791: ==I791*365/J791
